Workbook

Sheet Cover Page
C7: South Wairarapa District council roading model
C11: This financial model has been prepared for South Wairarapa District Council to assess the potential impact of land use on the district roading network. The model is intended for financial planning and long term planning purposes only. It should not be relied upon for obtaining finance, investment decisions, or any purpose other than that for which it was prepared. The results of this financial model should be considered indicative only and are highly dependent on a range of key assumptions and inputs. As with any financial forecast, there is significant uncertainty associated with many of these assumptions, including assumptions relating to the extent to which land within each land use category is used for the purposes assumed in the model. This model relies on information provided by the participating councils, including land use data, roading cost information, and information supplied via email and other correspondence. Morrison Low has not independently verified the accuracy, completeness, or reliability of this information. Morrison Low accepts no responsibility for the use of this model outside its intended purpose, or for any changes made to the model after it has been issued. This model was reviewed and approved for release to South Wairarapa District Council on the date shown below.
D13: Name | E13: Date
C14: Prepared by: | D14: M Johnson
C15: Reviewed (spreadsheet review) by: | D15: S Cross | E15: 46233
C16: Reviewed (subject matter review) by:
C17: Approved by: | D17: S Cross | E17: 46233
C20: This spreadsheet has been locked to prevent unintentional changes to formulas and logic. The password to unlock the spreadsheet is:

Sheet Land Use Summary
A1: Area of land within land use classifications
A3: Land use
A5: Sourced from: | B5: Stats NZ Land use data
A6: ML Cat selection | B6: Cat 1 | C6: Cat 2 | D6: Carterton District | E6: Horowhenua District | F6: Kapiti Coast District | G6: Lower Hutt City | H6: Masterton District | I6: Palmerston North City | J6: Porirua City | K6: South Wairarapa District | L6: Tararua District | M6: Upper Hutt City | N6: Wellington City | O6: Grand Total | P6: Grand Total for three TA in Wairarapa (Carterton District, Masterton District & SWDC)
A7: Natural Forest | B7: 71 - Natural Forest | C7: 71 - Natural Forest | D7: 32102.778 | E7: 25490.532 | F7: 43408.535 | G7: 25799.511 | H7: 30248.623 | I7: 3824.7634 | J7: 2594.6089 | K7: 97348.337 | L7: 17470.54 | M7: 37807.333 | N7: 6589.3066 | O7: =SUM(D7:N7) -> 322684.87 | P7: =SUM(K7,H7,D7) -> 159699.74 | Q7: =P7/O7 -> 0.49490929
A8: Forestry | B8: 72 - Planted Forest - Pre 1990 | C8: 0 - Unknown | D8: 6185.5346 | E8: 2.4031 | F8: 2502.458 | G8: 619.4927 | H8: 21637.695 | I8: 0 | J8: 1224.6782 | K8: 2317.4413 | L8: 88.4955 | M8: 4984.2908 | N8: 850.1599 | O8: =SUM(D8:N8) -> 40412.649 | P8: =SUM(K8,H8,D8) -> 30140.671 | Q8: =P8/O8 -> 0.7458227
A9: Forestry | B9: 72 - Planted Forest - Pre 1990 | C9: 201 - Pinus radiata | D9: 0 | E9: 0 | F9: 0 | G9: 0 | H9: 111.5089 | I9: 0 | J9: 0 | K9: 24.5083 | L9: 1.9859 | M9: 2.7159 | N9: 0 | O9: =SUM(D9:N9) -> 140.719 | P9: =SUM(K9,H9,D9) -> 136.0172 | Q9: =P9/O9 -> 0.96658731
A10: Forestry | B10: 72 - Planted Forest - Pre 1990 | C10: 203 - Unspecified exotic species | D10: 317.8266 | E10: 0.0161 | F10: 307.9047 | G10: 43.5012 | H10: 981.9333 | I10: 0 | J10: 54.0829 | K10: 197.4695 | L10: 0 | M10: 535.4526 | N10: 35.3421 | O10: =SUM(D10:N10) -> 2473.529 | P10: =SUM(K10,H10,D10) -> 1497.2294 | Q10: =P10/O10 -> 0.60530093
A11: Forestry | B11: 73 - Post 1989 Forest | C11: 122 - Wilding trees | D11: 0 | E11: 0 | F11: 0 | G11: 0 | H11: 0 | I11: 0 | J11: 0 | K11: 6.4367 | L11: 0 | M11: 0 | N11: 0 | O11: =SUM(D11:N11) -> 6.4367 | P11: =SUM(K11,H11,D11) -> 6.4367 | Q11: =P11/O11 -> 1
A12: Forestry | B12: 73 - Post 1989 Forest | C12: 201 - Pinus radiata | D12: 2770.948 | E12: 0 | F12: 635.0096 | G12: 0 | H12: 11128.984 | I12: 0 | J12: 541.4501 | K12: 5722.0053 | L12: 253.7943 | M12: 210.059 | N12: 68.9641 | O12: =SUM(D12:N12) -> 21331.215 | P12: =SUM(K12,H12,D12) -> 19621.938 | Q12: =P12/O12 -> 0.91986968
A13: Forestry | B13: 73 - Post 1989 Forest | C13: 202 - Douglas fir | D13: 20.4996 | E13: 0 | F13: 25.4694 | G13: 0 | H13: 3.5716 | I13: 0 | J13: 0 | K13: 0 | L13: 0 | M13: 0 | N13: 0 | O13: =SUM(D13:N13) -> 49.5406 | P13: =SUM(K13,H13,D13) -> 24.0712 | Q13: =P13/O13 -> 0.48588834
A14: Forestry | B14: 73 - Post 1989 Forest | C14: 203 - Unspecified exotic species | D14: 3834.8544 | E14: 154.7389 | F14: 1536.3788 | G14: 56.0748 | H14: 11946.888 | I14: 0 | J14: 827.7217 | K14: 2764.5641 | L14: 656.7722 | M14: 983.6369 | N14: 553.7562 | O14: =SUM(D14:N14) -> 23315.386 | P14: =SUM(K14,H14,D14) -> 18546.306 | Q14: =P14/O14 -> 0.79545355
A15: Forestry | B15: 73 - Post 1989 Forest | C15: 204 - Regenerating natural species | D15: 129.1035 | E15: 0 | F15: 68.3964 | G15: 184.1154 | H15: 1934.167 | I15: 0 | J15: 112.9307 | K15: 2756.7347 | L15: 186.6187 | M15: 51.4259 | N15: 2072.6384 | O15: =SUM(D15:N15) -> 7496.1307 | P15: =SUM(K15,H15,D15) -> 4820.0052 | Q15: =P15/O15 -> 0.64299909
A16: Other | B16: 74 - Grassland - With woody biomass | C16: 74 - Grassland - With woody biomass | D16: 6584.9906 | E16: 1106.8583 | F16: 3066.379 | G16: 2349.9699 | H16: 13110.443 | I16: 0 | J16: 1676.213 | K16: 10626.821 | L16: 1892.7399 | M16: 1243.1018 | N16: 3204.4391 | O16: =SUM(D16:N16) -> 44861.956 | P16: =SUM(K16,H16,D16) -> 30322.255 | Q16: =P16/O16 -> 0.67590131
A17: Dairy | B17: 75 - Grassland - High producing | C17: 502 - Grazed - dairy | D17: 10088.926 | E17: 2002.0967 | F17: 2792.5565 | G17: 0 | H17: 2833.6816 | I17: 0 | J17: 2.4982 | K17: 15839.609 | L17: 0 | M17: 304.3513 | N17: 0 | O17: =SUM(D17:N17) -> 33863.72 | P17: =SUM(K17,H17,D17) -> 28762.217 | Q17: =P17/O17 -> 0.84935197
A18: Farming general | B18: 75 - Grassland - High producing | C18: 503 - Grazed - non-dairy | D18: 31744.413 | E18: 672.8347 | F18: 7911.2875 | G18: 881.2806 | H18: 75555.5 | I18: 0 | J18: 3232.0803 | K18: 55890.917 | L18: 8945.5521 | M18: 3363.2326 | N18: 3715.8433 | O18: =SUM(D18:N18) -> 191912.94 | P18: =SUM(K18,H18,D18) -> 163190.83 | Q18: =P18/O18 -> 0.85033781
A19: Farming general | B19: 76 - Grassland - Low producing | C19: 503 - Grazed - non-dairy | D19: 18668.198 | E19: 427.0157 | F19: 3970.4476 | G19: 1838.2538 | H19: 55022.55 | I19: 0 | J19: 3864.8241 | K19: 34572.266 | L19: 10445.97 | M19: 1395.8213 | N19: 5484.1892 | O19: =SUM(D19:N19) -> 135689.54 | P19: =SUM(K19,H19,D19) -> 108263.01 | Q19: =P19/O19 -> 0.79787298
A20: Farming general | B20: 76 - Grassland - Low producing | C20: 504 - Ungrazed | D20: 2258.8997 | E20: 155.4616 | F20: 1883.8499 | G20: 656.9411 | H20: 1077.3687 | I20: 0 | J20: 590.9995 | K20: 1836.6363 | L20: 0.0134 | M20: 392.3336 | N20: 227.2038 | O20: =SUM(D20:N20) -> 9079.7076 | P20: =SUM(K20,H20,D20) -> 5172.9047 | Q20: =P20/O20 -> 0.56972151 | S20: =SUM(P18:P20)/SUM(O18:O20) -> 0.82162574
A21: Horticultural | B21: 77 - Cropland - Orchards and vineyards (perennial) | C21: 77 - Cropland - Orchards and vineyards (perennial) | D21: 259.421 | E21: 0 | F21: 348.3445 | G21: 0 | H21: 299.6302 | I21: 0 | J21: 1.3039 | K21: 1295.6378 | L21: 0 | M21: 0 | N21: 0 | O21: =SUM(D21:N21) -> 2204.3374 | P21: =SUM(K21,H21,D21) -> 1854.689 | Q21: =P21/O21 -> 0.84138163
A22: Horticultural | B22: 78 - Cropland - Annual | C22: 78 - Cropland - Annual | D22: 1773.6142 | E22: 0 | F22: 284.2476 | G22: 0 | H22: 1233.802 | I22: 0 | J22: 6.2189 | K22: 1690.7361 | L22: 0 | M22: 0 | N22: 0 | O22: =SUM(D22:N22) -> 4988.6188 | P22: =SUM(K22,H22,D22) -> 4698.1523 | Q22: =P22/O22 -> 0.94177416 | S22: =SUM(P21:P22)/SUM(O21:O22) -> 0.91100809
A23: Other | B23: 79 - Wetland - Open water | C23: 79 - Wetland - Open water | D23: 491.677 | E23: 6.8527 | F23: 284.4019 | G23: 208.3997 | H23: 827.7745 | I23: 0 | J23: 8.8318 | K23: 9244.0975 | L23: 32.1717 | M23: 148.587 | N23: 11.392 | O23: =SUM(D23:N23) -> 11264.186 | P23: =SUM(K23,H23,D23) -> 10563.549 | Q23: =P23/O23 -> 0.93779961
A24: Other | B24: 80 - Wetland - Vegetated non forest | C24: 80 - Wetland - Vegetated non forest | D24: 93.2364 | E24: 12.4544 | F24: 499.8372 | G24: 153.4802 | H24: 89.8351 | I24: 0 | J24: 110.6761 | K24: 2425.3354 | L24: 14.448 | M24: 128.5707 | N24: 9.8259 | O24: =SUM(D24:N24) -> 3537.6994 | P24: =SUM(K24,H24,D24) -> 2608.4069 | Q24: =P24/O24 -> 0.73731728
A25: Lifestyle | B25: 81 - Settlements or built-up area | C25: 81 - Settlements or built-up area | D25: 483.6855 | E25: 0 | F25: 3387.3548 | G25: 4590.7514 | H25: 1585.1898 | I25: 0 | J25: 2426.4142 | K25: 758.8205 | L25: 0 | M25: 2412.2076 | N25: 5927.0543 | O25: =SUM(D25:N25) -> 21571.478 | P25: =SUM(K25,H25,D25) -> 2827.6958 | Q25: =P25/O25 -> 0.13108493
A26: Other | B26: 82 - Other | C26: 82 - Other | D26: 124.3757 | E26: 0 | F26: 168.3195 | G26: 250.624 | H26: 174.7845 | I26: 0 | J26: 174.1622 | K26: 374.8121 | L26: 24.7689 | M26: 26.0338 | N26: 200.3419 | O26: =SUM(D26:N26) -> 1518.2226 | P26: =SUM(K26,H26,D26) -> 673.9723 | Q26: =P26/O26 -> 0.44392193
C28: Total | D28: =SUM(D7:D26) -> 117932.98 | E28: =SUM(E7:E26) -> 30031.264 | F28: =SUM(F7:F26) -> 73081.177 | G28: =SUM(G7:G26) -> 37632.395 | H28: =SUM(H7:H26) -> 229803.93 | I28: =SUM(I7:I26) -> 3824.7634 | J28: =SUM(J7:J26) -> 17449.695 | K28: =SUM(K7:K26) -> 245693.19 | ... N28: =SUM(N7:N26) -> 28950.457 | O28: =SUM(D28:N28) -> 878402.87 | P28: =SUM(K28,H28,D28) -> 593430.1
C30: {=_xlfn.UNIQUE(A7:A26)} -> Natural Forest | D30: =SUMIF($A$7:$A$26,$C30,D$7:D$26) -> 32102.778 | E30: =SUMIF($A$7:$A$26,$C30,E$7:E$26) -> 25490.532 | F30: =SUMIF($A$7:$A$26,$C30,F$7:F$26) -> 43408.535 | G30: =SUMIF($A$7:$A$26,$C30,G$7:G$26) -> 25799.511 | H30: =SUMIF($A$7:$A$26,$C30,H$7:H$26) -> 30248.623 | I30: =SUMIF($A$7:$A$26,$C30,I$7:I$26) -> 3824.7634 | J30: =SUMIF($A$7:$A$26,$C30,J$7:J$26) -> 2594.6089 | K30: =SUMIF($A$7:$A$26,$C30,K$7:K$26) -> 97348.337 | ... N30: =SUMIF($A$7:$A$26,$C30,N$7:N$26) -> 6589.3066 | O30: =SUM(D30:N30) -> 322684.87 | P30: =SUM(K30,H30,D30) -> 159699.74
C31: Forestry | D31: =SUMIF($A$7:$A$26,$C31,D$7:D$26) -> 13258.767 | E31: =SUMIF($A$7:$A$26,$C31,E$7:E$26) -> 157.1581 | F31: =SUMIF($A$7:$A$26,$C31,F$7:F$26) -> 5075.6169 | G31: =SUMIF($A$7:$A$26,$C31,G$7:G$26) -> 903.1841 | H31: =SUMIF($A$7:$A$26,$C31,H$7:H$26) -> 47744.748 | I31: =SUMIF($A$7:$A$26,$C31,I$7:I$26) -> 0 | J31: =SUMIF($A$7:$A$26,$C31,J$7:J$26) -> 2760.8636 | K31: =SUMIF($A$7:$A$26,$C31,K$7:K$26) -> 13789.16 | ... N31: =SUMIF($A$7:$A$26,$C31,N$7:N$26) -> 3580.8607 | O31: =SUM(D31:N31) -> 95225.606 | P31: =SUM(K31,H31,D31) -> 74792.675
C32: Other | D32: =SUMIF($A$7:$A$26,$C32,D$7:D$26) -> 6584.9906 | E32: =SUMIF($A$7:$A$26,$C32,E$7:E$26) -> 1106.8583 | F32: =SUMIF($A$7:$A$26,$C32,F$7:F$26) -> 3066.379 | G32: =SUMIF($A$7:$A$26,$C32,G$7:G$26) -> 2349.9699 | H32: =SUMIF($A$7:$A$26,$C32,H$7:H$26) -> 13110.443 | I32: =SUMIF($A$7:$A$26,$C32,I$7:I$26) -> 0 | J32: =SUMIF($A$7:$A$26,$C32,J$7:J$26) -> 1676.213 | K32: =SUMIF($A$7:$A$26,$C32,K$7:K$26) -> 10626.821 | ... N32: =SUMIF($A$7:$A$26,$C32,N$7:N$26) -> 3204.4391 | O32: =SUM(D32:N32) -> 44861.956 | P32: =SUM(K32,H32,D32) -> 30322.255
C33: Dairy | D33: =SUMIF($A$7:$A$26,$C33,D$7:D$26) -> 10088.926 | E33: =SUMIF($A$7:$A$26,$C33,E$7:E$26) -> 2002.0967 | F33: =SUMIF($A$7:$A$26,$C33,F$7:F$26) -> 2792.5565 | G33: =SUMIF($A$7:$A$26,$C33,G$7:G$26) -> 0 | H33: =SUMIF($A$7:$A$26,$C33,H$7:H$26) -> 2833.6816 | I33: =SUMIF($A$7:$A$26,$C33,I$7:I$26) -> 0 | J33: =SUMIF($A$7:$A$26,$C33,J$7:J$26) -> 2.4982 | K33: =SUMIF($A$7:$A$26,$C33,K$7:K$26) -> 15839.609 | ... N33: =SUMIF($A$7:$A$26,$C33,N$7:N$26) -> 0 | O33: =SUM(D33:N33) -> 33863.72 | P33: =SUM(K33,H33,D33) -> 28762.217
C34: Farming general | D34: =SUMIF($A$7:$A$26,$C34,D$7:D$26) -> 52671.51 | E34: =SUMIF($A$7:$A$26,$C34,E$7:E$26) -> 1255.312 | F34: =SUMIF($A$7:$A$26,$C34,F$7:F$26) -> 13765.585 | G34: =SUMIF($A$7:$A$26,$C34,G$7:G$26) -> 3376.4755 | H34: =SUMIF($A$7:$A$26,$C34,H$7:H$26) -> 131655.42 | I34: =SUMIF($A$7:$A$26,$C34,I$7:I$26) -> 0 | J34: =SUMIF($A$7:$A$26,$C34,J$7:J$26) -> 7687.9039 | K34: =SUMIF($A$7:$A$26,$C34,K$7:K$26) -> 92299.82 | ... N34: =SUMIF($A$7:$A$26,$C34,N$7:N$26) -> 9427.2363 | O34: =SUM(D34:N34) -> 336682.18 | P34: =SUM(K34,H34,D34) -> 276626.75
C35: Horticultural | D35: =SUMIF($A$7:$A$26,$C35,D$7:D$26) -> 2033.0352 | E35: =SUMIF($A$7:$A$26,$C35,E$7:E$26) -> 0 | F35: =SUMIF($A$7:$A$26,$C35,F$7:F$26) -> 632.5921 | G35: =SUMIF($A$7:$A$26,$C35,G$7:G$26) -> 0 | H35: =SUMIF($A$7:$A$26,$C35,H$7:H$26) -> 1533.4322 | I35: =SUMIF($A$7:$A$26,$C35,I$7:I$26) -> 0 | J35: =SUMIF($A$7:$A$26,$C35,J$7:J$26) -> 7.5228 | K35: =SUMIF($A$7:$A$26,$C35,K$7:K$26) -> 2986.3739 | ... N35: =SUMIF($A$7:$A$26,$C35,N$7:N$26) -> 0 | O35: =SUM(D35:N35) -> 7192.9562 | P35: =SUM(K35,H35,D35) -> 6552.8413
C36: Other | D36: =SUMIF($A$7:$A$26,$C36,D$7:D$26) -> 709.2891 | E36: =SUMIF($A$7:$A$26,$C36,E$7:E$26) -> 19.3071 | F36: =SUMIF($A$7:$A$26,$C36,F$7:F$26) -> 952.5586 | G36: =SUMIF($A$7:$A$26,$C36,G$7:G$26) -> 612.5039 | H36: =SUMIF($A$7:$A$26,$C36,H$7:H$26) -> 1092.3941 | I36: =SUMIF($A$7:$A$26,$C36,I$7:I$26) -> 0 | J36: =SUMIF($A$7:$A$26,$C36,J$7:J$26) -> 293.6701 | K36: =SUMIF($A$7:$A$26,$C36,K$7:K$26) -> 12044.245 | ... N36: =SUMIF($A$7:$A$26,$C36,N$7:N$26) -> 221.5598 | O36: =SUM(D36:N36) -> 16320.108 | P36: =SUM(K36,H36,D36) -> 13845.928
C37: Lifestyle | D37: =SUMIF($A$7:$A$26,$C37,D$7:D$26) -> 483.6855 | E37: =SUMIF($A$7:$A$26,$C37,E$7:E$26) -> 0 | F37: =SUMIF($A$7:$A$26,$C37,F$7:F$26) -> 3387.3548 | G37: =SUMIF($A$7:$A$26,$C37,G$7:G$26) -> 4590.7514 | H37: =SUMIF($A$7:$A$26,$C37,H$7:H$26) -> 1585.1898 | I37: =SUMIF($A$7:$A$26,$C37,I$7:I$26) -> 0 | J37: =SUMIF($A$7:$A$26,$C37,J$7:J$26) -> 2426.4142 | K37: =SUMIF($A$7:$A$26,$C37,K$7:K$26) -> 758.8205 | ... N37: =SUMIF($A$7:$A$26,$C37,N$7:N$26) -> 5927.0543 | O37: =SUM(D37:N37) -> 21571.478 | P37: =SUM(K37,H37,D37) -> 2827.6958
C39: Check | D39: =IF(D28=SUM(D30:D37),"Pass","Fail") -> Pass | E39: =IF(E28=SUM(E30:E37),"Pass","Fail") -> Pass | F39: =IF(F28=SUM(F30:F37),"Pass","Fail") -> Pass | G39: =IF(G28=SUM(G30:G37),"Pass","Fail") -> Pass | H39: =IF(H28=SUM(H30:H37),"Pass","Fail") -> Pass | I39: =IF(I28=SUM(I30:I37),"Pass","Fail") -> Pass | J39: =IF(J28=SUM(J30:J37),"Pass","Fail") -> Pass | K39: =IF(K28=SUM(K30:K37),"Pass","Fail") -> Pass | ... P39: =IF(P28=SUM(P30:P37),"Pass","Fail") -> Pass
C43: =C30 -> Natural Forest | D43: =D30/$O30 -> 0.099486468 | E43: =E30/$O30 -> 0.078995127 | F43: =F30/$O30 -> 0.134523 | G43: =G30/$O30 -> 0.079952651 | H43: =H30/$O30 -> 0.093740445 | I43: =I30/$O30 -> 0.011852937 | J43: =J30/$O30 -> 0.0080406898 | K43: =K30/$O30 -> 0.30168237 | ... N43: =N30/$O30 -> 0.020420253 | O43: =SUM(D43:N43) -> 1 | P43: =SUM(K43,H43,D43) -> 0.49490929
C44: =C31 -> Forestry | D44: =D31/$O31 -> 0.13923531 | E44: =E31/$O31 -> 0.0016503765 | F44: =F31/$O31 -> 0.053300967 | G44: =G31/$O31 -> 0.0094846768 | H44: =H31/$O31 -> 0.50138561 | I44: =I31/$O31 -> 0 | J44: =J31/$O31 -> 0.02899287 | K44: =K31/$O31 -> 0.14480517 | ... N44: =N31/$O31 -> 0.037603969 | O44: =SUM(D44:N44) -> 1 | P44: =SUM(K44,H44,D44) -> 0.78542608
C45: =C32 -> Other | D45: =D32/$O32 -> 0.14678341 | E45: =E32/$O32 -> 0.024672538 | F45: =F32/$O32 -> 0.068351434 | G45: =G32/$O32 -> 0.052382244 | H45: =H32/$O32 -> 0.29223966 | I45: =I32/$O32 -> 0 | J45: =J32/$O32 -> 0.037363797 | K45: =K32/$O32 -> 0.23687824 | ... N45: =N32/$O32 -> 0.071428877 | O45: =SUM(D45:N45) -> 1 | P45: =SUM(K45,H45,D45) -> 0.67590131
C46: =C33 -> Dairy | D46: =D33/$O33 -> 0.29792729 | E46: =E33/$O33 -> 0.059122173 | F46: =F33/$O33 -> 0.082464553 | G46: =G33/$O33 -> 0 | H46: =H33/$O33 -> 0.083678983 | I46: =I33/$O33 -> 0 | J46: =J33/$O33 -> 7.3772168e-05 | K46: =K33/$O33 -> 0.4677457 | ... N46: =N33/$O33 -> 0 | O46: =SUM(D46:N46) -> 1 | P46: =SUM(K46,H46,D46) -> 0.84935197
C47: =C34 -> Farming general | D47: =D34/$O34 -> 0.15644282 | E47: =E34/$O34 -> 0.0037284776 | F47: =F34/$O34 -> 0.040885992 | G47: =G34/$O34 -> 0.010028673 | H47: =H34/$O34 -> 0.39103768 | I47: =I34/$O34 -> 0 | J47: =J34/$O34 -> 0.022834306 | K47: =K34/$O34 -> 0.27414524 | ... N47: =N34/$O34 -> 0.028000401 | O47: =SUM(D47:N47) -> 1 | P47: =SUM(K47,H47,D47) -> 0.82162574
C48: =C35 -> Horticultural | D48: =D35/$O35 -> 0.28264251 | E48: =E35/$O35 -> 0 | F48: =F35/$O35 -> 0.087946052 | G48: =G35/$O35 -> 0 | H48: =H35/$O35 -> 0.21318525 | I48: =I35/$O35 -> 0 | J48: =J35/$O35 -> 0.0010458565 | K48: =K35/$O35 -> 0.41518033 | ... N48: =N35/$O35 -> 0 | O48: =SUM(D48:N48) -> 1 | P48: =SUM(K48,H48,D48) -> 0.91100809
C49: =C36 -> Other | D49: =D36/$O36 -> 0.043461055 | E49: =E36/$O36 -> 0.0011830253 | F49: =F36/$O36 -> 0.058367176 | G49: =G36/$O36 -> 0.037530628 | H49: =H36/$O36 -> 0.066935471 | I49: =I36/$O36 -> 0 | J49: =J36/$O36 -> 0.017994373 | K49: =K36/$O36 -> 0.73800033 | ... N49: =N36/$O36 -> 0.013575878 | O49: =SUM(D49:N49) -> 1 | P49: =SUM(K49,H49,D49) -> 0.84839686
C50: =C37 -> Lifestyle | D50: =D37/$O37 -> 0.022422455 | E50: =E37/$O37 -> 0 | F50: =F37/$O37 -> 0.15702933 | G50: =G37/$O37 -> 0.2128158 | H50: =H37/$O37 -> 0.073485451 | I50: =I37/$O37 -> 0 | J50: =J37/$O37 -> 0.11248252 | K50: =K37/$O37 -> 0.035177029 | ... N50: =N37/$O37 -> 0.27476348 | O50: =SUM(D50:N50) -> 1 | P50: =SUM(K50,H50,D50) -> 0.13108493
A54: Sourced from: | B54: Councils as listed below
B56: South Wairarapa District Council | C56: Carterton District Council | D56: Masterton District Council
A57: Land Use Description | B57: South Wairarapa District Council Area (ha) | C57: Carterton District Council Area (ha) | D57: Masterton District Council Area (ha) | E57: Total Wairarapa Region (ha) | F57: South Wairarapa District Council Area (%) | G57: Carterton District Council Area (%) | H57: Masterton District Council Area (%) | I57: Total Wairarapa Region (%)
A58: Farming General | B58: =SUMIF($B$70:$B$81,$A58,$F$70:$F$81) -> 124747.97 | C58: =SUMIF($B$86:$B$97,$A58,$F$86:$F$97) -> 66724.991 | D58: =SUMIF($B$102:$B$113,$A58,$F$102:$F$113) -> 143827.92 | E58: =SUM(B58:D58) -> 335300.88 | F58: =B58/$E58 -> 0.37204783 | G58: =C58/$E58 -> 0.19900035 | H58: =D58/$E58 -> 0.42895182 | I58: =E58/$E$62 -> 0.73188206
A59: Dairy | B59: =SUMIF($B$70:$B$81,$A59,$F$70:$F$81) -> 18227.904 | C59: =SUMIF($B$86:$B$97,$A59,$F$86:$F$97) -> 11059.454 | D59: =SUMIF($B$102:$B$113,$A59,$F$102:$F$113) -> 3035.2866 | E59: =SUM(B59:D59) -> 32322.645 | F59: =B59/$E59 -> 0.56393603 | G59: =C59/$E59 -> 0.34215809 | H59: =D59/$E59 -> 0.093905886 | I59: =E59/$E$62 -> 0.070552644
A60: Horticultural | B60: =SUMIF($B$70:$B$81,$A60,$F$70:$F$81) -> 1682.8589 | C60: =SUMIF($B$86:$B$97,$A60,$F$86:$F$97) -> 301.6847 | D60: =SUMIF($B$102:$B$113,$A60,$F$102:$F$113) -> 165.9201 | E60: =SUM(B60:D60) -> 2150.4637 | F60: =B60/$E60 -> 0.78255629 | G60: =C60/$E60 -> 0.14028821 | H60: =D60/$E60 -> 0.077155499 | I60: =E60/$E$62 -> 0.0046939507
A61: Forestry | B61: =SUMIF($B$70:$B$81,$A61,$F$70:$F$81) -> 22607.688 | C61: =SUMIF($B$86:$B$97,$A61,$F$86:$F$97) -> 13570.221 | D61: =SUMIF($B$102:$B$113,$A61,$F$102:$F$113) -> 52183.23 | E61: =SUM(B61:D61) -> 88361.139 | F61: =B61/$E61 -> 0.25585555 | G61: =C61/$E61 -> 0.1535768 | H61: =D61/$E61 -> 0.59056764 | I61: =E61/$E$62 -> 0.19287135
A62: Total | B62: =SUM(B58:B61) -> 167266.42 | C62: =SUM(C58:C61) -> 91656.352 | D62: =SUM(D58:D61) -> 199212.36 | E62: =SUM(E58:E61) -> 458135.13 | F62: =B62/$E62 -> 0.3651028 | G62: =C62/$E62 -> 0.20006401 | H62: =D62/$E62 -> 0.43483319 | I62: =SUM(I58:I61) -> 1
A68: South Wairarapa District Council
A69: Land use category | B69: Category in model | C69: Number of assessments | D69: Land value | E69: Capital value | F69: Land area (Ha)
A70: Commercial | B70: Commercial | C70: 195 | D70: 101294000 | E70: 222301000 | F70: 38.4841
A71: Dairy | B71: Dairy | C71: 150 | D71: 561667000 | E71: 656805800 | F71: 18227.904
A72: Forestry | B72: Forestry | C72: 36 | D72: 80993000 | E72: 85016000 | F72: 22607.688
A73: Horticultural | B73: Horticultural | C73: 130 | D73: 171910000 | E73: 299804000 | F73: 1682.8589
A74: Industrial | B74: Industrial | C74: 119 | D74: 56080000 | E74: 86019000 | F74: 54.0301
A75: Lifestyle | B75: Lifestyle | C75: 1528 | D75: 777754000 | E75: 1622932400 | F75: 6220.1269
A76: Mining | B76: Other | C76: 4 | D76: 782000 | E76: 1208000 | F76: 15.4297
A77: Other | B77: Other | C77: 164 | D77: 81260500 | E77: 153647000 | F77: 743.3877
A78: Pastoral | B78: Farming general | C78: 472 | D78: 1406589500 | E78: 1621358200 | F78: 124747.97
A79: Residential | B79: Residential | C79: 4690 | D79: 1683876001 | E79: 3406797500 | F79: 758.8414
A80: Specialist | B80: Other | C80: 5 | D80: 6235000 | E80: 11680000 | F80: 174.1796
A81: Utilities | B81: Other | C81: 33 | D81: 4502000 | E81: 124226750 | F81: 1931.1114
A82: Total | C82: =SUM(C70:C81) -> 7526 | D82: =SUM(D70:D81) -> 4932943001 | E82: =SUM(E70:E81) -> 8291795650 | F82: =SUM(F70:F81) -> 177202.01
A84: Carterton District Council
A85: Land use category | B85: Category in model | C85: Number of assessments | D85: Land value | E85: Capital value | F85: Land area (Ha)
A86: Commercial | B86: Commercial | C86: 120 | D86: 29984500 | E86: 69565500 | F86: 19.5456
A87: Dairy | B87: Dairy | C87: 113 | D87: 339047000 | E87: 401835000 | F87: 11059.454
A88: Forestry | B88: Forestry | C88: 41 | D88: 42103500 | E88: 44743500 | F88: 13570.221
A89: Horticultural | B89: Horticultural | C89: 22 | D89: 19595000 | E89: 41564000 | F89: 301.6847
A90: Industrial | B90: Industrial | C90: 138 | D90: 73761000 | E90: 155765000 | F90: 233.3087
A91: Lifestyle | B91: Lifestyle | C91: 1460 | D91: 566038000 | E91: 1246071000 | F91: 6445.0692
A92: Mining | B92: Other | C92: 3 | D92: 1817000 | E92: 1889000 | F92: 32.7656
A93: Other | B93: Other | C93: 187 | D93: 56545900 | E93: 108956300 | F93: 26471.405
A94: Pastoral | B94: Farming general | C94: 320 | D94: 745606000 | E94: 872299800 | F94: 66724.991
A95: Residential | B95: Residential | C95: 3158 | D95: 827573000 | E95: 1868259500 | F95: 498.3482
A96: Specialist | B96: Other | C96: 14 | D96: 12395000 | E96: 18649000 | F96: 379.5799
A97: Utilities | B97: Other | C97: 37 | D97: 7555500 | E97: 82369500 | F97: 70.6943
A98: Total | C98: =SUM(C86:C97) -> 5613 | D98: =SUM(D86:D97) -> 2722021400 | E98: =SUM(E86:E97) -> 4911967100 | F98: =SUM(F86:F97) -> 125807.07
A100: Masterton District Council
A101: Land use category | B101: Category in model | C101: Number of assessments | D101: Land value | E101: Capital value | F101: Land area (Ha)
A102: Commercial | B102: Commercial | C102: 373 | D102: 255065000 | E102: 579454000 | F102: 79.6482
A103: Dairy | B103: Dairy | C103: 28 | D103: 103156000 | E103: 123145000 | F103: 3035.2866
A104: Forestry | B104: Forestry | C104: 211 | D104: 233809000 | E104: 250455800 | F104: 52183.23
A105: Horticultural | B105: Horticultural | C105: 11 | D105: 10970000 | E105: 21730000 | F105: 165.9201
A106: Industrial | B106: Industrial | C106: 271 | D106: 139143000 | E106: 277545000 | F106: 129.8146
A107: Lifestyle | B107: Lifestyle | C107: 2079 | D107: 900307000 | E107: 1863234000 | F107: 7851.0543
A108: Mining | B108: Other | C108: 6 | D108: 3080000 | E108: 4125000 | F108: 74.1764
A109: Other | B109: Other | C109: 536 | D109: 179910400 | E109: 444603700 | F109: 16832.015
A110: Pastoral | B110: Farming general | C110: 563 | D110: 1589969000 | E110: 1873932600 | F110: 143827.92
A111: Residential | B111: Residential | C111: 9987 | D111: 2525160000 | E111: 5526485600 | F111: 1178.6316
A112: Specialist | B112: Other | C112: 8 | D112: 14880000 | E112: 30845000 | F112: 697.1901
A113: Utilities | B113: Other | C113: 73 | D113: 22370000 | E113: 255804500 | F113: 385.74
A114: Total | C114: =SUM(C102:C113) -> 14146 | D114: =SUM(D102:D113) -> 5977819400 | E114: =SUM(E102:E113) -> 11251360200 | F114: =SUM(F102:F113) -> 226440.63

Sheet Allocation urban and rural
A1: Allocation of net costs firstly to heavy and light vehicles traffic and then secondly allocation to urban and rural
A2: The first allocation is done by allocating costs as per the Ministry of Transport allocation %. The second part of the allocation was done based on % of rural vs urban roads per Council data
A7: Allocation urban and rural
A10: South Wairarapa District Council
A11: Operating | B11: Work Code | C11: Total (26/27 AP) | D11: Grants | E11: NZTA % | F11: Remaining rates funded | G11: Heavy vehicle allocation % | H11: Light vehicle allocation % | I11: Heavy vehicles | J11: Light vehicles including general traffic | L11: Method to allocate rural /urban split | M11: Rural % | N11: Urban % | O11: Heavy vehicle Rural $ | P11: Heavy vehicle urban $
A12: Sealed pavement maintenance | B12: 111 | C12: 846334 | D12: =E12*C12 -> 431630.34 | E12: 0.51 | F12: =C12-D12 -> 414703.66 | G12: 0.93 | H12: 0.07 | I12: =G12*F12 -> 385674.4 | J12: =H12*F12 -> 29029.256 | L12: Length of sealed roads urban and rural | M12: =$E$50 -> 0.81401617 | N12: =$E$52 -> 0.18598383 | O12: =I12*M12 -> 313945.2 | P12: =N12*I12 -> 71729.202
A13: Unsealed pavement maintenance | B13: 112 | C13: 534469 | D13: =E13*C13 -> 272579.19 | E13: 0.51 | F13: =C13-D13 -> 261889.81 | G13: 0.93 | H13: 0.07 | I13: =G13*F13 -> 243557.52 | J13: =H13*F13 -> 18332.287 | L13: Length of unsealed urban and rural roads | M13: =$D$49 -> 0.99744246 | N13: =$D$51 -> 0.0025575448 | O13: =I13*M13 -> 242934.61 | P13: =N13*I13 -> 622.90927
A14: Routine drainage maintenance | B14: 113 | C14: 468911 | D14: =E14*C14 -> 239144.61 | E14: 0.51 | F14: =C14-D14 -> 229766.39 | G14: 0.068635796 | H14: 0.9313642 | I14: =G14*F14 -> 15770.199 | J14: =H14*F14 -> 213996.19 | L14: Based on % of rural and urban roads (total) | M14: =$C$60 -> 0.87731686 | N14: =$C$61 -> 0.12268314 | O14: =I14*M14 -> 13835.462 | P14: =N14*I14 -> 1934.7376
A15: Structures maintenance | B15: 114 | C15: 335381 | D15: =E15*C15 -> 171044.31 | E15: 0.51 | F15: =C15-D15 -> 164336.69 | G15: 0.4 | H15: 0.6 | I15: =G15*F15 -> 65734.676 | J15: =H15*F15 -> 98602.014 | L15: Based on % of rural and urban roads (total) | M15: =$C$60 -> 0.87731686 | N15: =$C$61 -> 0.12268314 | O15: =I15*M15 -> 57670.139 | P15: =N15*I15 -> 8064.5366
A16: Environmental maintenance | B16: 121 | C16: 310955 | D16: =E16*C16 -> 158587.05 | E16: 0.51 | F16: =C16-D16 -> 152367.95 | G16: 0.1 | H16: 0.9 | I16: =G16*F16 -> 15236.795 | J16: =H16*F16 -> 137131.16 | L16: 100% rural as allocation to heavy vehicles relates specifically to effluent disposal | M16: 1 | N16: 0 | O16: =I16*M16 -> 15236.795 | P16: =N16*I16 -> 0
A17: Network service maintenance | B17: 122 | C17: 519940 | D17: =E17*C17 -> 265169.4 | E17: 0.51 | F17: =C17-D17 -> 254770.6 | G17: 0 | H17: 1 | I17: =G17*F17 -> 0 | J17: =H17*F17 -> 254770.6 | O17: =I17*M17 -> 0 | P17: =N17*I17 -> 0
A18: Cycle path maintenance | B18: 124 | C18: 1869 | D18: =E18*C18 -> 953.19 | E18: 0.51 | F18: =C18-D18 -> 915.81 | G18: 0 | H18: 1 | I18: =G18*F18 -> 0 | J18: =H18*F18 -> 915.81
A19: Footpath maintenance | B19: 125 | C19: 24093 | D19: =E19*C19 -> 12287.43 | E19: 0.51 | F19: =C19-D19 -> 11805.57 | G19: 0 | H19: 1 | I19: =G19*F19 -> 0 | J19: =H19*F19 -> 11805.57 | O19: =I19*M19 -> 0 | P19: =N19*I19 -> 0
A20: Rail level crossing warning devices maintenance | B20: 131 | C20: 21484 | D20: =E20*C20 -> 10956.84 | E20: 0.51 | F20: =C20-D20 -> 10527.16 | G20: 0 | H20: 1 | I20: =G20*F20 -> 0 | J20: =H20*F20 -> 10527.16 | O20: =I20*M20 -> 0 | P20: =N20*I20 -> 0
A21: Minor events | B21: 140 | C21: 369358 | D21: =E21*C21 -> 188372.58 | E21: 0.51 | F21: =C21-D21 -> 180985.42 | G21: 0 | H21: 1 | I21: =G21*F21 -> 0 | J21: =H21*F21 -> 180985.42 | O21: =I21*M21 -> 0 | P21: =N21*I21 -> 0
A22: Emergency Works and Preventative Maintenance | B22: 141 | C22: 0 | D22: =E22*C22 -> 0 | E22: 0.51 | F22: =C22-D22 -> 0 | G22: 0 | H22: 1 | I22: =G22*F22 -> 0 | J22: =H22*F22 -> 0 | O22: =I22*M22 -> 0 | P22: =N22*I22 -> 0
A23: Network and asset management | B23: 151 | C23: 970201 | D23: =E23*C23 -> 494802.51 | E23: 0.51 | F23: =C23-D23 -> 475398.49 | G23: 0 | H23: 1 | I23: =G23*F23 -> 0 | J23: =H23*F23 -> 475398.49 | O23: =I23*M23 -> 0 | P23: =N23*I23 -> 0
A24: Special Purpose Road (SPR) | B24: SPR | C24: =473115+15000 -> 488115 | D24: =E24*C24 -> 488115 | E24: 1 | F24: =C24-D24 -> 0 | G24: 0 | H24: 1 | I24: =G24*F24 -> 0 | J24: =H24*F24 -> 0
A25: Unsubsidised works | C25: 218000 | D25: =E25*C25 -> 0 | E25: 0 | F25: =C25-D25 -> 218000 | G25: 0 | H25: 1 | I25: =G25*F25 -> 0 | J25: =H25*F25 -> 218000 | O25: =I25*M25 -> 0 | P25: =N25*I25 -> 0
A26: Emergency works and preventative maintenance | B26: /141/241 | D26: =E26*C26 -> 0 | E26: 0 | F26: =C26-D26 -> 0 | G26: 0 | H26: 1 | I26: =G26*F26 -> 0 | J26: =H26*F26 -> 0 | O26: =I26*M26 -> 0 | P26: =N26*I26 -> 0
A27: District Wide operations | D27: =E27*C27 -> 0 | E27: 0 | F27: =E27*C27 -> 0 | G27: 0 | H27: 1 | I27: =G27*F27 -> 0 | J27: =H27*F27 -> 0 | O27: =I27*M27 -> 0 | P27: =N27*I27 -> 0
A28: Total | C28: =SUM(C12:C27) -> 5109110 | D28: =SUM(D12:D27) -> 2733642.5 | F28: =SUM(F12:F27) -> 2375467.5 | G28: Read comment here | I28: =SUM(I12:I27) -> 725973.6 | J28: =SUM(J12:J27) -> 1649494 | O28: =SUM(O12:O27) -> 643622.21 | P28: =SUM(P12:P27) -> 82351.385
E30: Check | F30: =IF(SUM(F28,D28)=C28,"Pass","Fail") -> Pass
A31: Capital
A32: Unsealed road metalling | B32: 211 | C32: 575543 | D32: =E32*C32 -> 293526.93 | E32: 0.51 | F32: =C32-D32 -> 282016.07 | G32: 0.93 | H32: 0.07 | I32: =G32*F32 -> 262274.95 | J32: =H32*F32 -> 19741.125 | L32: Length of unsealed urban and rural roads | M32: =$D$49 -> 0.99744246 | N32: =$D$51 -> 0.0025575448 | O32: =I32*M32 -> 261604.17 | P32: =N32*I32 -> 670.77991
A33: Sealed road resurfacing | B33: 212 | C33: 1394674 | D33: =E33*C33 -> 711283.74 | E33: 0.51 | F33: =C33-D33 -> 683390.26 | G33: 0.93 | H33: 0.07 | I33: =G33*F33 -> 635552.94 | J33: =H33*F33 -> 47837.318 | L33: Length of sealed roads urban and rural | M33: =$E$50 -> 0.81401617 | N33: =$E$52 -> 0.18598383 | O33: =I33*M33 -> 517350.37 | P33: =N33*I33 -> 118202.57
A34: Drainage renewals | B34: 213 | C34: 468911 | D34: =E34*C34 -> 239144.61 | E34: 0.51 | F34: =C34-D34 -> 229766.39 | G34: 0.07 | H34: 0.93 | I34: =G34*F34 -> 16083.647 | J34: =H34*F34 -> 213682.74 | L34: Based on % of rural and urban roads (total) | M34: =$C$60 -> 0.87731686 | N34: =$C$61 -> 0.12268314 | O34: =I34*M34 -> 14110.455 | P34: =N34*I34 -> 1973.1924
A35: Sealed road pavement rehabilitation | B35: 214 | C35: 1054647 | D35: =E35*C35 -> 537869.97 | E35: 0.51 | F35: =C35-D35 -> 516777.03 | G35: 0.93 | H35: 0.07 | I35: =G35*F35 -> 480602.64 | J35: =H35*F35 -> 36174.392 | L35: Length of sealed roads urban and rural | M35: =$E$50 -> 0.81401617 | N35: =$E$52 -> 0.18598383 | O35: =I35*M35 -> 391218.32 | P35: =N35*I35 -> 89384.318
A36: Structures component replacements | B36: 215 | C36: 389079 | D36: =E36*C36 -> 198430.29 | E36: 0.51 | F36: =C36-D36 -> 190648.71 | G36: 0.4 | H36: 0.6 | I36: =G36*F36 -> 76259.484 | J36: =H36*F36 -> 114389.23 | L36: Based on % of rural and urban roads (total) | M36: =$C$60 -> 0.87731686 | N36: =$C$61 -> 0.12268314 | O36: =I36*M36 -> 66903.731 | P36: =N36*I36 -> 9355.7531
A37: Traffic services renewals | B37: 222 | C37: 57085 | D37: =E37*C37 -> 29113.35 | E37: 0.51 | F37: =C37-D37 -> 27971.65 | G37: 0 | H37: 1 | I37: =G37*F37 -> 0 | J37: =H37*F37 -> 27971.65 | O37: =I37*M37 -> 0 | P37: =N37*I37 -> 0
A38: Footpath renewal | B38: 225 | C38: 61586 | D38: =E38*C38 -> 31408.86 | E38: 0.51 | F38: =C38-D38 -> 30177.14 | G38: 0 | H38: 1 | I38: =G38*F38 -> 0 | J38: =H38*F38 -> 30177.14 | O38: =I38*M38 -> 0 | P38: =N38*I38 -> 0
A39: Low cost / low risk improvements | B39: 341 | C39: 340000 | D39: =E39*C39 -> 173400 | E39: 0.51 | F39: =C39-D39 -> 166600 | G39: 0 | H39: 1 | I39: =G39*F39 -> 0 | J39: =H39*F39 -> 166600 | O39: =I39*M39 -> 0 | P39: =N39*I39 -> 0
A40: Special Purpose Road (SPR) | B40: SPR 95% | C40: 1375000 | D40: =E40*C40 -> 1306250 | E40: 0.95 | F40: =C40-D40 -> 68750 | G40: 0 | H40: 1 | I40: =G40*F40 -> 0 | J40: =H40*F40 -> 68750 | O40: =I40*M40 -> 0 | P40: =N40*I40 -> 0
A41: Special Purpose Road (SPR) | B41: SPR | C41: 190156.29 | D41: =E41*C41 -> 190156.29 | E41: 1 | F41: =C41-D41 -> 0 | G41: 0 | H41: 1 | I41: =G41*F41 -> 0 | J41: =H41*F41 -> 0 | O41: =I41*M41 -> 0 | P41: =N41*I41 -> 0
A42: Unsubsidised works | C42: 662500 | D42: =E42*C42 -> 0 | E42: 0 | F42: =C42-D42 -> 662500 | G42: 0 | H42: 1 | I42: =G42*F42 -> 0 | J42: =H42*F42 -> 662500 | O42: =I42*M42 -> 0 | P42: =N42*I42 -> 0
A43: Total | C43: =SUM(C32:C42) -> 6569181.3 | D43: =SUM(D32:D42) -> 3710584 | F43: =SUM(F32:F42) -> 2858597.2 | G43: Read comment here | I43: =SUM(I32:I42) -> 1470773.7 | J43: =SUM(J32:J42) -> 1387823.6 | O43: =SUM(O32:O42) -> 1251187 | P43: =SUM(P32:P42) -> 219586.61
E45: Check | F45: =IF(SUM(F43,D43)=C43,"Pass","Fail") -> Pass | H45: Total | I45: =SUM(I28,I43) -> 2196747.3 | J45: =SUM(J28,J43) -> 3037317.5 | N45: Total | O45: =SUM(O28,O43) -> 1894809.3 | P45: =SUM(P28,P43) -> 301938
B47: 2024/2025
A48: Road Lengths | B48: Lane KM | C48: % Roads | D48: % Unsealed | E48: % Sealed
A49: Rural unsealed | B49: 390 | C49: =B49/SUM($B$53) -> 0.34421889 | D49: =B49/SUM(B49,B51) -> 0.99744246
A50: Rural sealed | B50: 604 | C50: =B50/SUM($B$53) -> 0.53309797 | E50: =B50/SUM(B50,B52) -> 0.81401617
A51: Urban unsealed | B51: 1 | C51: =B51/SUM($B$53) -> 0.00088261253 | D51: =B51/SUM(B49,B51) -> 0.0025575448
A52: Urban sealed | B52: 138 | C52: =B52/SUM($B$53) -> 0.12180053 | E52: =B52/SUM(B50,B52) -> 0.18598383
A53: Total (excluding SPR) | B53: =SUM(B49:B52) -> 1133 | C53: =SUM(C49:C52) -> 1 | D53: =SUM(D49:D52) -> 1 | E53: =SUM(E49:E52) -> 1
C54: =IF(SUM(C49:C52)=100%,"Pass","Fail") -> Pass | D54: =IF(SUM(D49:D52)=100%,"Pass","Fail") -> Pass | E54: =IF(SUM(E49:E52)=100%,"Pass","Fail") -> Pass
A56: Special purpose roads Unsealed (excluded) | B56: 5
A57: Special purpose roads sealed (excluded) | B57: 70
E58: Below is for the report
E59: Lengths of roads (Km) | F59: Urban | G59: Rural | H59: Total
B60: Rural | C60: =SUM(C49:C50) -> 0.87731686 | E60: Sealed | F60: =B52 -> 138 | G60: =B50 -> 604 | H60: =SUM(F60:G60) -> 742
B61: Urban | C61: =SUM(C51:C52) -> 0.12268314 | E61: Unsealed | F61: =B51 -> 1 | G61: =B49 -> 390 | H61: =SUM(F61:G61) -> 391
B62: Sealed | C62: =SUM(C50,C52) -> 0.6548985 | E62: Total | F62: =SUM(F60:F61) -> 139 | G62: =SUM(G60:G61) -> 994 | H62: =SUM(H60:H61) -> 1133
B63: Unsealed | C63: =SUM(C49,C51) -> 0.3451015
B65: 2026/2027 AP | C65: 2026/2027 AP
A66: Light vehicles and general traffic | B66: =C66/SUM(C66:C67) -> 0.58029804 | C66: =J45 -> 3037317.5 | E66: =C66 -> 3037317.5
A67: Heavy vehicles | B67: =C67/SUM(C66:C67) -> 0.41970196 | C67: =I45 -> 2196747.3 | E67: =C67 -> 2196747.3

Sheet Allocate heavy v to sectors
A2: Allocation of heavy vehicle costs to sectors within urban and rural for heavy vehicle costs
A5: South Wairarapa District Council
A6: Main exacerbators on rural roads | B6: No of properties | C6: Tonnages | D6: Heavy Vehicle Costs- Rural $ | E6: Costs spread across catagories | F6: Heavy Vehicle Costs- Urban $000 | G6: Costs spread across catagories
A7: Commercial | B7: =SUMIF('Land Use Summary'!$B$70:$B$81,'Allocate heavy v to sectors'!A7,'Land Use Summary'!$C$70:$C$81) -> 195 | G7: =ROUND((B7/$B$16)*$F$16,0) -> 187509
A8: Horticultural | C8: =Tonnages!$B$164 -> 11028.309 | E8: =ROUND((C8/$C$16)*$D$16,0) -> 37534
A9: Farming general | C9: =Tonnages!B120 -> 38223.221 | E9: =ROUND((C9/$C$16)*$D$16,0) -> 130089
A10: Forestry | C10: =Tonnages!$B$22 -> 150411.55 | E10: =ROUND((C10/$C$16)*$D$16,0) -> 511910
A11: Industrial | B11: =SUMIF('Land Use Summary'!$B$70:$B$81,'Allocate heavy v to sectors'!A11,'Land Use Summary'!$C$70:$C$81) -> 119 | G11: =ROUND((B11/$B$16)*$F$16,0) -> 114429
A12: Lifestyle
A13: Dairy | C13: =Tonnages!B70 -> 357078.04 | E13: =ROUND((C13/$C$16)*$D$16,0) -> 1215277
A14: Other
A15: Residential | G15: =ROUND((B15/$B$16)*$F$16,0) -> 0
A16: Total | B16: =SUM(B7:B15) -> 314 | C16: =SUM(C7:C15) -> 556741.12 | D16: ='Allocation urban and rural'!O45 -> 1894809.3 | E16: =SUM(E7:E15) -> 1894810 | F16: ='Allocation urban and rural'!P45 -> 301938 | G16: =SUM(G7:G15) -> 301938
A20: Horticulture | B20: =C8 -> 11028.309
A21: Farming general | B21: =+C9 -> 38223.221
A22: Forestry | B22: =+C10 -> 150411.55
A23: Dairy | B23: =+C13 -> 357078.04

Sheet Tonnages
A1: Calculation of freight volumes within Wairarapa
A3: Forestry
B4: Average | C4: 2025 | D4: 2026 | E4: 2027 | F4: 2028 | G4: 2029 | H4: 2030 | I4: 2031 | J4: 2032 | K4: 2033 | L4: 2034 | M4: 2035 | N4: 2036 | O4: 2037
A5: Forecast wood availability for Wairarapa Region during LTP years (000 cubic meters) | B5: =AVERAGE(C5:O5) -> 890.69231 | C5: ='Wood availability forecast '!D21 -> 1068 | D5: ='Wood availability forecast '!D22 -> 914 | E5: ='Wood availability forecast '!D23 -> 934 | F5: ='Wood availability forecast '!D24 -> 1147 | G5: ='Wood availability forecast '!D25 -> 1023 | H5: ='Wood availability forecast '!D26 -> 929 | I5: ='Wood availability forecast '!D27 -> 768 | J5: ='Wood availability forecast '!D28 -> 628 | K5: ='Wood availability forecast '!D29 -> 570 | L5: ='Wood availability forecast '!D30 -> 614 | M5: ='Wood availability forecast '!D31 -> 1142 | N5: ='Wood availability forecast '!D32 -> 745 | O5: ='Wood availability forecast '!D33 -> 1097 | P5: Wood availability forecast - New Zealand 2021-2060
A7: Planted forestry harvestable ages during LTP years (16 years or older) | B7: Total | C7: 16-20 | D7: 21-25 | E7: 26-30 | F7: 31-35 | G7: 36-40 | H7: 41-50 | I7: 51-60 | J7: 61+
A8: South Wairarapa District Council | B8: =SUM(C8:J8) -> 6041 | C8: 149 | D8: 1523 | E8: 2466 | F8: 1074 | G8: 331 | H8: 419 | I8: 72 | J8: 7 | N8: National Exotic Forest Description 1 April 2025
A9: Carterton District Council | B9: =SUM(C9:J9) -> 6119 | C9: 0 | D9: 1278 | E9: 3486 | F9: 963 | G9: 125 | H9: 264 | I9: 0 | J9: 3
A10: Masterton District Council | B10: =SUM(C10:J10) -> 23613 | C10: 2398 | D10: 4782 | E10: 7973 | F10: 6029 | G10: 1132 | H10: 884 | I10: 287 | J10: 128
A12: =A8&" percentage of harvestable wood in Wairarapa" -> South Wairarapa District Council percentage of harvestable wood in Wairarapa | B12: =B8/SUM($B$8:$B$10) -> 0.16887038
A13: =A9&" percentage of harvestable wood in Wairarapa" -> Carterton District Council percentage of harvestable wood in Wairarapa | B13: =B9/SUM($B$8:$B$10) -> 0.17105079
A14: =A10&" percentage of harvestable wood in Wairarapa" -> Masterton District Council percentage of harvestable wood in Wairarapa | B14: =B10/SUM($B$8:$B$10) -> 0.66007883
A16: =A8&" average annual cubic meters of wood forecast" -> South Wairarapa District Council average annual cubic meters of wood forecast | B16: =B12*$B$5*1000 -> 150411.55
A17: =A9&" average annual cubic meters of wood forecast" -> Carterton District Council average annual cubic meters of wood forecast | B17: =B13*$B$5*1000 -> 152353.63
A18: =A10&" average annual cubic meters of wood forecast" -> Masterton District Council average annual cubic meters of wood forecast | B18: =B14*$B$5*1000 -> 587927.14
A20: Density of green wood (tonnes/cubic meter) | B20: 1 | L20: Current | N20: New Zealand Pine User Guide - The New Zealand Pine Remanufacturers' Association 1996
A22: ="Tonnes green wood "&A8&" average over LTP period" -> Tonnes green wood South Wairarapa District Council average over LTP period | B22: =$B$20*B16 -> 150411.55
A23: ="Tonnes green wood "&A9&" average over LTP period" -> Tonnes green wood Carterton District Council average over LTP period | B23: =$B$20*B17 -> 152353.63
A24: ="Tonnes green wood "&A10&" average over LTP period" -> Tonnes green wood Masterton District Council average over LTP period | B24: =$B$20*B18 -> 587927.14
A27: Dairy
A28: Total kg milk solids Wairarapa | B28: 55755125 | C28: Updated 2024/2025 | N28: New Zealand Dairy Statistics 2024-25, DairyNZ
A30: Total industry raw milk litres (L) | B30: 21012000000 | C30: Updated 2024/2025 | N30: New Zealand Dairy Statistics 2024-25, DairyNZ
A31: Total industry milk solids (kg) | B31: 1937000000 | C31: Updated 2024/2025 | N31: New Zealand Dairy Statistics 2024-25, DairyNZ
A32: Avg. Milk solids per litre | B32: =B31/B30 -> 0.092185418
A34: Total litres raw milk | B34: =B28/B32 -> 6.0481502e+08
A36: Total ml raw milk | B36: =B34*1000 -> 6.0481502e+11
A38: Density raw milk (g/mL) | B38: 1.04 | L38: Current | N38: FAO/INFOODS Density Database Version 2.0 (2012), Food and Agriculture Organization of the United Nations, Charrondiere, U.R et al
A40: Grams Raw milk | B40: =B38*B36 -> 6.2900762e+11
A42: Tonnes Raw milk Wairarapa | B42: =B40/1000/1000 -> 629007.62
A44: Total dairy Ha Wairarapa | B44: =SUM('Land Use Summary'!$E$59) -> 32322.645 | C44: Pulling from updated land use summary
B46: Total dairy Ha
A47: South Wairarapa District Council | B47: =_xlfn.XLOOKUP(A47,'Land Use Summary'!$B$56:$D$56,'Land Use Summary'!$B$59:$D$59) -> 18227.904 | C47: Pulling from updated land use summary
A48: Carterton District Council | B48: =_xlfn.XLOOKUP(A48,'Land Use Summary'!$B$56:$D$56,'Land Use Summary'!$B$59:$D$59) -> 11059.454 | C48: Pulling from updated land use summary
A49: Masterton District Council | B49: =_xlfn.XLOOKUP(A49,'Land Use Summary'!$B$56:$D$56,'Land Use Summary'!$B$59:$D$59) -> 3035.2866 | C49: Pulling from updated land use summary
A50: Check | B50: =IF(B44=SUM(B47:B49),"Pass","Fail") -> Pass
A52: ="Tonnes Raw Milk "&A47 -> Tonnes Raw Milk South Wairarapa District Council | B52: =$B$42*B47/$B$44 -> 354720.06
A53: ="Tonnes Raw Milk "&A48 -> Tonnes Raw Milk Carterton District Council | B53: =$B$42*B48/$B$44 -> 215220.04
A54: ="Tonnes Raw Milk "&A49 -> Tonnes Raw Milk Masterton District Council | B54: =$B$42*B49/$B$44 -> 59067.517
A55: Check | B55: =IF(B42=SUM(B52:B54),"Pass","Fail") -> Pass
A58: Dairy cattle movements
B59: FY 2016
B60: =A47 -> South Wairarapa District Council | C60: =A48 -> Carterton District Council | D60: =A49 -> Masterton District Council
A61: From Area | B61: 10018 | C61: 4843 | D61: 3320 | E61: Data from FY 2016 NAIT | N61: National animal identification and tracing (NAIT) livestock movements database
A62: To Area | B62: 7805 | C62: 4934 | D62: 2224 | E62: Data from FY 2016 NAIT | N62: National animal identification and tracing (NAIT) livestock movements database
A63: ="Total "&B59 -> Total FY 2016 | B63: =SUM(B61:B62) -> 17823 | C63: =SUM(C61:C62) -> 9777 | D63: =SUM(D61:D62) -> 5544
A65: Avg Weight Dairy calf (T) | B65: =0.441*0.3 -> 0.1323 | L65: Current | N65: Assumes dairy cattle movements typically calves (bobby or heifers). NZ Dairy stats, avg live weight of crossbred. NZ Dairy liveweight target 6mo (30%)
B67: South Wairarapa District Council | C67: Carterton District Council | D67: Masterton District Council
A68: Tonnes Dairy cattle movements | B68: =$B$65*B63 -> 2357.9829 | C68: =$B$65*C63 -> 1293.4971 | D68: =$B$65*D63 -> 733.4712
A70: Dairy tonnage total | B70: =B68+B52 -> 357078.04 | C70: =C68+B53 -> 216513.54 | D70: =D68+B54 -> 59800.989
A74: General farming
A75: Stock movements | B75: Beef | D75: Deer | G75: # Unspecified Cattle
A76: Beef cattle/deer from South Wairarapa District Council | B76: 18366 | D76: 441 | E76: Data from FY 2016 NAIT | F76: From | G76: 25503 | N76: National animal identification and tracing (NAIT) livestock movements database
A77: Beef cattle/deer to South Wairarapa District Council | B77: 16915 | D77: 14 | E77: Data from FY 2016 NAIT | F77: To | G77: 3306 | N77: National animal identification and tracing (NAIT) livestock movements database
A79: Stock movements | B79: Beef | D79: Deer | G79: # Unspecified Cattle
A80: Beef cattle/deer from Carterton District Council | B80: 22709 | D80: 1467 | E80: Data from FY 2016 NAIT | F80: From | G80: 13312 | N80: National animal identification and tracing (NAIT) livestock movements database
A81: Beef cattle/deer to Carterton District Council | B81: 16851 | D81: 69 | E81: Data from FY 2016 NAIT | F81: To | G81: 2235 | N81: National animal identification and tracing (NAIT) livestock movements database
A83: Stock movements | B83: Beef | D83: Deer | G83: # Unspecified Cattle
A84: Beef cattle/deer from Masterton District Council | B84: 23144 | D84: 1347 | E84: Data from FY 2016 NAIT | F84: From | G84: 18788 | N84: National animal identification and tracing (NAIT) livestock movements database
A85: Beef cattle/deer to Masterton District Council | B85: 17559 | D85: 28 | E85: Data from FY 2016 NAIT | F85: To | G85: 2632 | N85: National animal identification and tracing (NAIT) livestock movements database
A89: Average weight beef cattle (t)/deer | B89: 0.52 | D89: 0.15 | G89: 0.335 | L89: Current | N89: Beef and Lamb NZ Guide to New Zealand Cattle Farming pg 20
L90: Current | N90: Report to Deer Industry New Zealand: Estimation of Deer Population and Productivity Data 1990‐2012 - Deer Industry NZ, Suttie Consulting
A91: Total weight beef cattle South Wairarapa District Council | B91: =$B$89*SUM(B76:B77) -> 18346.12 | D91: =$D$89*SUM(D76:D77) -> 68.25 | G91: =$G$89*SUM(G76:G77) -> 9651.015
A92: Total weight beef cattle Carterton District Council | B92: =$B$89*SUM(B80:B81) -> 20571.2 | D92: =$D$89*SUM(D80:D81) -> 230.4 | G92: =$G$89*SUM(G80:G81) -> 5208.245
A93: Total weight beef cattle Masterton District Council | B93: =$B$89*SUM(B84:B85) -> 21165.56 | D93: =$D$89*SUM(D84:D85) -> 206.25 | G93: =$G$89*SUM(G84:G85) -> 7175.7
A97: Other livestock (2025) | B97: Goats | C97: Adult sheep | D97: Lamb
A98: Number animals to slaughter (Total kill) (Taranaki, Wanganui, Wellington (Annual-Sep)) | B98: 23935 | C98: 892315 | D98: 3959162 | N98: Stats NZ, Livestock slaughtering by Regional Council by Kill by animal type - Taranaki, Wanganui, Manawatu, Wellington (Annual-Sep)
A99: Number animals Taranaki | B99: 0 | C99: 428000 | D99: 411000 | N99: Stats NZ - Livestock numbers by regional Council, 2025 data, retrieved from NZ.Stat & Goats on New Zealand farms from Figure NZ 2025
A100: Number animals Wanganui | B100: 644 | C100: 4309000 | D100: 4024000 | N100: Stats NZ - Livestock numbers by regional Council, 2025 data, retrieved from NZ.Stat & Goats on New Zealand farms from Figure NZ 2026
A101: Number animals Wellington | B101: 337 | C101: 1165000 | D101: 1034000 | N101: Stats NZ - Livestock numbers by regional Council, 2025 data, retrieved from NZ.Stat & Goats on New Zealand farms from Figure NZ 2027
A103: Number to slaughter Wellington | B103: =B101/SUM(B99:B101)*B98 -> 8222.3191 | C103: =C101/SUM(C99:C101)*C98 -> 176134.7 | D103: =D101/SUM(D99:D101)*D98 -> 748541.51
A104: Average Weight | B104: =30/1000 -> 0.03 | C104: =(50.6+48.7+47.7+56.9+58.5+55.4)/6/1000 -> 0.052966667 | D104: 0.0316 | N104: Sources noted in comments
A105: Total weight Wellington | B105: =SUMPRODUCT(B103:D103,B104:D104) -> 33229.849
A107: Wellington total general farming land | B107: =F110 -> 408094.42 | E107: Calculation
A108: Total Wairarapa Region (ha) general farming land | B108: ='Land Use Summary'!E58 -> 335300.88 | E108: Total Wairarapa Region (ha) general farming land | F108: =B108 -> 335300.88
A109: =A47&" general farming land" -> South Wairarapa District Council general farming land | B109: ='Land Use Summary'!B58 -> 124747.97 | E109: % of total Wellington region land for farming general | F109: ='Land Use Summary'!P47 -> 0.82162574
A110: =A48&" general farming land" -> Carterton District Council general farming land | B110: ='Land Use Summary'!C58 -> 66724.991 | E110: Total farming general in Wellington region | F110: =F108/F109 -> 408094.42
A111: =A49&" general farming land" -> Masterton District Council general farming land | B111: ='Land Use Summary'!D58 -> 143827.92
A112: Check | B112: =IF(B108=SUM(B109:B111),"Pass","Fail") -> Pass
A115: =A47&" share of other livestock weights" -> South Wairarapa District Council share of other livestock weights | B115: =B109/$B$107*$B$105 -> 10157.836
A116: =A48&" share of other livestock weights" -> Carterton District Council share of other livestock weights | B116: =B110/$B$107*$B$105 -> 5433.2068
A117: =A49&" share of other livestock weights" -> Masterton District Council share of other livestock weights | B117: =B111/$B$107*$B$105 -> 11711.457
A120: ="Total general farming tonnage "&A47 -> Total general farming tonnage South Wairarapa District Council | B120: =B91+D91+B115+G91 -> 38223.221
A121: ="Total general farming tonnage "&A48 -> Total general farming tonnage Carterton District Council | B121: =B92+D92+B116+G92 -> 31443.052
A122: ="Total general farming tonnage "&A49 -> Total general farming tonnage Masterton District Council | B122: =B93+D93+B117+G93 -> 40258.967
A125: Horticulture
A126: Wellington crop volumes
B127: Ha Planted in Wellington | C127: Average Tonnes/Ha
A128: Apples | B128: 90 | C128: 60.7 | D128: =B128*C128 -> 5463 | N128: Horticulture NZ, Fresh Facts 2025 - Note land use (Ha) is from 2013 Agricultural Census
A129: Wine grapes | B129: 1166 | C129: 3.28 | D129: =B129*C129 -> 3824.48 | N129: Horticulture NZ, Fresh Facts 2025 - Note land use (Ha) is from 2013 Agricultural Census & New Zealand Wine (A Snapshot 2026)
A130: Kiwifruit | B130: 70 | C130: 36.57 | D130: =B130*C130 -> 2559.9 | N130: Horticulture NZ, Fresh Facts 2025 - Note land use (Ha) is from 2013 Agricultural Census
A131: Summer fruit | B131: 13 | C131: =19002/1808 -> 10.509956 | D131: =B131*C131 -> 136.62942 | N131: Horticulture NZ, Fresh Facts 2025 - Note land use (Ha) is from 2013 Agricultural Census
A132: Avocados | B132: 0 | C132: =22906/3748 -> 6.1115261 | D132: =B132*C132 -> 0 | N132: Horticulture NZ, Fresh Facts 2025 - Note land use (Ha) is from 2013 Agricultural Census
A133: Citrus | B133: 1 | C133: =30692/1660 -> 18.489157 | D133: =B133*C133 -> 18.489157 | N133: Horticulture NZ, Fresh Facts 2025 - Note land use (Ha) is from 2013 Agricultural Census
A134: Berry fruit | B134: 10 | C134: =24074/3040 -> 7.9190789 | D134: =B134*C134 -> 79.190789 | N134: Horticulture NZ, Fresh Facts 2025 - Note land use (Ha) is from 2013 Agricultural Census
A135: Nuts | B135: 0 | C135: =350/142 -> 2.4647887 | D135: =B135*C135 -> 0 | N135: Horticulture NZ, Fresh Facts 2025 - Note land use (Ha) is from 2013 Agricultural Census
A136: Olives | B136: 169 | C136: =4000/2172 -> 1.8416206 | D136: =B136*C136 -> 311.23389 | N136: Horticulture NZ, Fresh Facts 2025 - Note land use (Ha) is from 2013 Agricultural Census
A137: Other subtropical | B137: 4 | C137: =AVERAGE(C130:C136) -> 11.98659 | D137: =B137*C137 -> 47.946358 | N137: Horticulture NZ, Fresh Facts 2025 - Note land use (Ha) is from 2013 Agricultural Census
A138: Other fruits | B138: 12 | C138: =C137 -> 11.98659 | D138: =B138*C138 -> 143.83907 | N138: Horticulture NZ, Fresh Facts 2025 - Note land use (Ha) is from 2013 Agricultural Census
A139: Total fruit (T) Wellington | D139: =SUM(D128:D138) -> 12584.709
A142: Broccoli and Cauli | B142: 42 | C142: =105000/2800 -> 37.5 | D142: =C142*B142 -> 1575 | N142: Horticulture NZ, Fresh Facts 2025 - Note land use (Ha) is from 2013 Agricultural Census
A143: Carrots | B143: 1 | C143: =159000/1445 -> 110.0346 | D143: =C143*B143 -> 110.0346 | N143: Horticulture NZ, Fresh Facts 2025 - Note land use (Ha) is from 2013 Agricultural Census
...

Sheet Aggregation of Costs
A1: Aggregation of all costs
A4: South Wairarapa District Council
A5: Categories | B5: Proportional land value | C5: Land Value | D5: Number of properties | E5: Allocate light vehicles costs based on capital value | F5: Total General Traffic Cost | G5: Heavy vehicle costs -rural allocated on tonnages | H5: Heavy vehicle costs- urban allocated on number of properties | I5: Total Heavy Traffic Cost | J5: Total costs allocated | L5: Proposed share of Roading costs under this model
A6: Commercial | B6: =C6/$C$15 -> 0.020534192 | C6: =SUMIF('Land Use Summary'!$B$70:$B$81,A6,'Land Use Summary'!$D$70:$D$81) -> 101294000 | D6: =SUMIF('Land Use Summary'!$B$70:$B$81,A6,'Land Use Summary'!$C$70:$C$81) -> 195 | E6: =ROUND((C6/$C$15)*$E$15,0) -> 62369 | F6: =SUM(E6) -> 62369 | H6: =SUMIF('Allocate heavy v to sectors'!$A$7:$A$15,$A6,'Allocate heavy v to sectors'!$G$7:$G$15) -> 187509 | I6: =SUM(G6:H6) -> 187509 | J6: =SUM(I6,F6) -> 249878 | L6: =J6/$J$15 -> 0.047740705 | N6: Below is for the report SWDC
A7: Horticultural | B7: =C7/$C$15 -> 0.034849379 | C7: =SUMIF('Land Use Summary'!$B$70:$B$81,A7,'Land Use Summary'!$D$70:$D$81) -> 171910000 | D7: =SUMIF('Land Use Summary'!$B$70:$B$81,A7,'Land Use Summary'!$C$70:$C$81) -> 130 | E7: =ROUND((C7/$C$15)*$E$15,0) -> 105849 | F7: =SUM(E7) -> 105849 | G7: =SUMIF('Allocate heavy v to sectors'!$A$7:$A$15,$A7,'Allocate heavy v to sectors'!$E$7:$E$15) -> 37534 | I7: =SUM(G7:H7) -> 37534 | J7: =SUM(I7,F7) -> 143383 | L7: =J7/$J$15 -> 0.02739419
A8: Farming general | B8: =C8/$C$15 -> 0.28514205 | C8: =SUMIF('Land Use Summary'!$B$70:$B$81,A8,'Land Use Summary'!$D$70:$D$81) -> 1406589500 | D8: =SUMIF('Land Use Summary'!$B$70:$B$81,A8,'Land Use Summary'!$C$70:$C$81) -> 472 | E8: =ROUND((C8/$C$15)*$E$15,0) -> 866067 | F8: =SUM(E8) -> 866067 | G8: =SUMIF('Allocate heavy v to sectors'!$A$7:$A$15,$A8,'Allocate heavy v to sectors'!$E$7:$E$15) -> 130089 | I8: =SUM(G8:H8) -> 130089 | J8: =SUM(I8,F8) -> 996156 | L8: =J8/$J$15 -> 0.19032164 | U8: Cost allocations to land use categories
A9: Forestry | B9: =C9/$C$15 -> 0.016418799 | C9: =SUMIF('Land Use Summary'!$B$70:$B$81,A9,'Land Use Summary'!$D$70:$D$81) -> 80993000 | D9: =SUMIF('Land Use Summary'!$B$70:$B$81,A9,'Land Use Summary'!$C$70:$C$81) -> 36 | E9: =ROUND((C9/$C$15)*$E$15,0) -> 49869 | F9: =SUM(E9) -> 49869 | G9: =SUMIF('Allocate heavy v to sectors'!$A$7:$A$15,$A9,'Allocate heavy v to sectors'!$E$7:$E$15) -> 511910 | I9: =SUM(G9:H9) -> 511910 | J9: =SUM(I9,F9) -> 561779 | L9: =J9/$J$15 -> 0.10733128 | U9: Land use Categories | V9: Land value (000) | W9: General costs based on land value | X9: Heavy vehicle costs - rural allocated on tonnages | Y9: Heavy vehicle costs - Urban allocated on # of properties | Z9: Total costs allocated | AA9: Proposed share of roading costs
A10: Industrial | B10: =C10/$C$15 -> 0.011368467 | C10: =SUMIF('Land Use Summary'!$B$70:$B$81,A10,'Land Use Summary'!$D$70:$D$81) -> 56080000 | D10: =SUMIF('Land Use Summary'!$B$70:$B$81,A10,'Land Use Summary'!$C$70:$C$81) -> 119 | E10: =ROUND((C10/$C$15)*$E$15,0) -> 34530 | F10: =SUM(E10) -> 34530 | H10: =SUMIF('Allocate heavy v to sectors'!$A$7:$A$15,$A10,'Allocate heavy v to sectors'!$G$7:$G$15) -> 114429 | I10: =SUM(G10:H10) -> 114429 | J10: =SUM(I10,F10) -> 148959 | L10: =J10/$J$15 -> 0.028459519 | U10: =A6 -> Commercial | V10: =C6/1000 -> 101294 | W10: =F6 -> 62369 | X10: =G6 -> 0 | Y10: =H6 -> 187509 | Z10: =J6 -> 249878 | AA10: =L6 -> 0.047740705
A11: Lifestyle | B11: =C11/$C$15 -> 0.15766531 | C11: =SUMIF('Land Use Summary'!$B$70:$B$81,A11,'Land Use Summary'!$D$70:$D$81) -> 777754000 | D11: =SUMIF('Land Use Summary'!$B$70:$B$81,A11,'Land Use Summary'!$C$70:$C$81) -> 1528 | E11: =ROUND((C11/$C$15)*$E$15,0) -> 478880 | F11: =SUM(E11) -> 478880 | I11: =SUM(G11:H11) -> 0 | J11: =SUM(I11,F11) -> 478880 | L11: =J11/$J$15 -> 0.091492923 | U11: =A7 -> Horticultural | V11: =C7/1000 -> 171910 | W11: =F7 -> 105849 | X11: =G7 -> 37534 | Y11: =H7 -> 0 | Z11: =J7 -> 143383 | AA11: =L7 -> 0.02739419
A12: Dairy | B12: =C12/$C$15 -> 0.11386043 | C12: =SUMIF('Land Use Summary'!$B$70:$B$81,A12,'Land Use Summary'!$D$70:$D$81) -> 561667000 | D12: =SUMIF('Land Use Summary'!$B$70:$B$81,A12,'Land Use Summary'!$C$70:$C$81) -> 150 | E12: =ROUND((C12/$C$15)*$E$15,0) -> 345830 | F12: =SUM(E12) -> 345830 | G12: =SUMIF('Allocate heavy v to sectors'!$A$7:$A$15,$A12,'Allocate heavy v to sectors'!$E$7:$E$15) -> 1215277 | I12: =SUM(G12:H12) -> 1215277 | J12: =SUM(I12,F12) -> 1561107 | L12: =J12/$J$15 -> 0.29825894 | U12: =A8 -> Farming general | V12: =C8/1000 -> 1406589.5 | W12: =F8 -> 866067 | X12: =G8 -> 130089 | Y12: =H8 -> 0 | Z12: =J8 -> 996156 | AA12: =L8 -> 0.19032164
A13: Other | B13: =C13/$C$15 -> 0.018808144 | C13: =SUMIF('Land Use Summary'!$B$70:$B$81,A13,'Land Use Summary'!$D$70:$D$81) -> 92779500 | D13: =SUMIF('Land Use Summary'!$B$70:$B$81,A13,'Land Use Summary'!$C$70:$C$81) -> 206 | E13: =ROUND((C13/$C$15)*$E$15,0) -> 57126 | F13: =SUM(E13) -> 57126 | I13: =SUM(G13:H13) -> 0 | J13: =SUM(I13,F13) -> 57126 | L13: =J13/$J$15 -> 0.010914268 | U13: =A9 -> Forestry | V13: =C9/1000 -> 80993 | W13: =F9 -> 49869 | X13: =G9 -> 511910 | Y13: =H9 -> 0 | Z13: =J9 -> 561779 | AA13: =L9 -> 0.10733128
A14: Residential | B14: =C14/$C$15 -> 0.34135322 | C14: =SUMIF('Land Use Summary'!$B$70:$B$81,A14,'Land Use Summary'!$D$70:$D$81) -> 1683876001 | D14: =SUMIF('Land Use Summary'!$B$70:$B$81,A14,'Land Use Summary'!$C$70:$C$81) -> 4690 | E14: =ROUND((C14/$C$15)*$E$15,0) -> 1036798 | F14: =SUM(E14) -> 1036798 | H14: =SUMIF('Allocate heavy v to sectors'!$A$7:$A$15,$A14,'Allocate heavy v to sectors'!$G$7:$G$15) -> 0 | I14: =SUM(G14:H14) -> 0 | J14: =SUM(I14,F14) -> 1036798 | L14: =J14/$J$15 -> 0.19808654 | U14: =A10 -> Industrial | V14: =C10/1000 -> 56080 | W14: =F10 -> 34530 | X14: =G10 -> 0 | Y14: =H10 -> 114429 | Z14: =J10 -> 148959 | AA14: =L10 -> 0.028459519
A15: Total | B15: =SUM(B6:B14) -> 1 | C15: =SUM(C6:C14) -> 4932943001 | D15: =SUM(D6:D14) -> 7526 | E15: ='Allocation urban and rural'!J45 -> 3037317.5 | F15: =SUM(E15:E15) -> 3037317.5 | G15: =SUM(G6:G14) -> 1894810 | H15: =SUM(H6:H14) -> 301938 | I15: =SUM(I6:I14) -> 2196748 | J15: =SUM(J6:J14) -> 5234066 | L15: =SUM(L6:L14) -> 1 | U15: =A11 -> Lifestyle | V15: =C11/1000 -> 777754 | W15: =F11 -> 478880 | X15: =G11 -> 0 | Y15: =H11 -> 0 | Z15: =J11 -> 478880 | AA15: =L11 -> 0.091492923
A16: Check | B16: =IF(B15=100%,"Pass","Fail") -> Pass | C16: =IF(C15='Land Use Summary'!D82,"Pass","Fail") -> Pass | D16: =IF(D15='Land Use Summary'!C82,"Pass","Fail") -> Pass | G16: =IF(G15='Allocate heavy v to sectors'!E16,"Pass","Fail") -> Pass | H16: =IF(H15='Allocate heavy v to sectors'!G16,"Pass","Fail") -> Pass | L16: =IF(L15=100%,"Pass","Fail") -> Pass | U16: =A12 -> Dairy | V16: =C12/1000 -> 561667 | W16: =F12 -> 345830 | X16: =G12 -> 1215277 | Y16: =H12 -> 0 | Z16: =J12 -> 1561107 | AA16: =L12 -> 0.29825894
U17: =A13 -> Other | V17: =C13/1000 -> 92779.5 | W17: =F13 -> 57126 | X17: =G13 -> 0 | Y17: =H13 -> 0 | Z17: =J13 -> 57126 | AA17: =L13 -> 0.010914268
N18: General traffic (including light vehicle) costs are allocated on a pro rata basis against land value | R18: Rural heavy vehicle cost allocations | U18: =A14 -> Residential | V18: =C14/1000 -> 1683876 | W18: =F14 -> 1036798 | X18: =G14 -> 0 | Y18: =H14 -> 0 | Z18: =J14 -> 1036798 | AA18: =L14 -> 0.19808654
B19: Rural | C19: Urban | N19: Sector | O19: Proportional Land value | P19: Total General Traffic cost 2026/27 | R19: Land use Category | S19: Heavy vehicle rural costs (% of total) | U19: Total | V19: =SUM(V10:V18) -> 4932943 | W19: =SUM(W10:W18) -> 3037318 | X19: =SUM(X10:X18) -> 1894810 | Y19: =SUM(Y10:Y18) -> 301938 | Z19: =SUM(Z10:Z18) -> 5234066 | AA19: =SUM(AA10:AA18) -> 1
B20: =G15 -> 1894810 | C20: =H15 -> 301938 | N20: =A6 -> Commercial | O20: =B6 -> 0.020534192 | P20: =F6 -> 62369 | R20: =A7 -> Horticultural | S20: =G7 -> 37534
N21: =A7 -> Horticultural | O21: =B7 -> 0.034849379 | P21: =F7 -> 105849 | R21: =A8 -> Farming general | S21: =G8 -> 130089
N22: =A8 -> Farming general | O22: =B8 -> 0.28514205 | P22: =F8 -> 866067 | R22: =A9 -> Forestry | S22: =G9 -> 511910
N23: =A9 -> Forestry | O23: =B9 -> 0.016418799 | P23: =F9 -> 49869 | R23: =A12 -> Dairy | S23: =G12 -> 1215277
N24: =A10 -> Industrial | O24: =B10 -> 0.011368467 | P24: =F10 -> 34530 | R24: Total | S24: =SUM(S20:S23) -> 1894810
N25: =A11 -> Lifestyle | O25: =B11 -> 0.15766531 | P25: =F11 -> 478880
N26: =A12 -> Dairy | O26: =B12 -> 0.11386043 | P26: =F12 -> 345830
N27: =A13 -> Other | O27: =B13 -> 0.018808144 | P27: =F13 -> 57126
N28: =A14 -> Residential | O28: =B14 -> 0.34135322 | P28: =F14 -> 1036798
N29: Total | O29: =SUM(O20:O28) -> 1 | P29: =SUM(P20:P28) -> 3037318
N31: Urban Heavy Vehicle costs
N32: Sector | O32: Proportion of Properties | P32: Allocated cost, heavy vehicle urban
N33: =A6 -> Commercial | O33: =D6 -> 195 | P33: =H6 -> 187509
N34: =A10 -> Industrial | O34: =D10 -> 119 | P34: =H10 -> 114429
N35: Total | O35: =SUM(O33:O34) -> 314 | P35: =SUM(P33:P34) -> 301938

Sheet Masterton
A2: Masterton
A4: Activity Class | B4: Expenditure Reporting Lines | C4: Work Category | D4: Description | E4: LTP Year 1 2024/25 | F4: LTP Year 2 2025/26 | G4: LTP Year 3 2026/27 | H4: LTP Year 4 2027/28 | I4: LTP Year 5 2028/29 | J4: LTP Year 6 2029/30 | K4: LTP Year 7 2030/31 | L4: LTP Year 8 2031/32 | M4: LTP Year 9 2032/33 | N4: LTP Year 10 2033/34
A5: Local road operations | B5: Operations | C5: 114 | D5: Structures maintenance | E5: 176036 | F5: 188359 | G5: 199659 | H5: 197095 | I5: 201857 | J5: 206437 | K5: 210833 | L5: 215230 | M5: 219809 | N5: 224205
C6: 121 | D6: Environmental maintenance | E6: 909274 | F6: 972921 | G6: 1031299 | H6: 1018052 | I6: 1042651 | J6: 1066305 | K6: 1089013 | L6: 1111720 | M6: 1135374 | N6: 1158082
C7: 122 | D7: Network service maintenance | E7: 277321 | F7: 296734 | G7: 314536 | H7: 310499 | I7: 318002 | J7: 325216 | K7: 332141 | L7: 339066 | M7: 346281 | N7: 353206
C8: 123 | D8: Network operations | E8: 0 | F8: 0 | G8: 0 | H8: 0 | I8: 0 | J8: 0 | K8: 0 | L8: 0 | M8: 0 | N8: 0
C9: 131 | D9: Rail level crossing warning devices maintenance | E9: 39785 | F9: 42568 | G9: 45124 | H9: 44544 | I9: 45621 | J9: 46656 | K9: 47649 | L9: 48643 | M9: 49678 | N9: 50671
C10: 140 | D10: Minor events | E10: 296170 | F10: 316901 | G10: 335918 | H10: 331603 | I10: 339615 | J10: 347320 | K10: 354716 | L10: 362113 | M10: 369817 | N10: 377214
C11: 151 | D11: Network and asset management | E11: 1667482 | F11: 1759599 | G11: 1866202 | H11: 1720522 | I11: 1757558 | J11: 1796013 | K11: 1832582 | L11: 1872142 | M11: 1914778 | N11: 1949907
C12: 215 | D12: Structures component replacements | E12: 181773 | F12: 194048 | G12: 206418 | H12: 204530 | I12: 209304 | J12: 213894 | K12: 218300 | L12: 222707 | M12: 227297 | N12: 231703
C13: 221 | D13: Environmental renewals | E13: 0 | F13: 0 | G13: 0 | H13: 0 | I13: 0 | J13: 0 | K13: 0 | L13: 0 | M13: 0 | N13: 0
C14: 222 | D14: Traffic services renewals | E14: 600730 | F14: 642783 | G14: 681347 | H14: 679540 | I14: 695400 | J14: 710650 | K14: 725290 | L14: 739930 | M14: 755180 | N14: 769820
B15: Total Local road operations | E15: 4148571 | F15: 4413913 | G15: 4680503 | H15: 4506385 | I15: 4610008 | J15: 4712491 | K15: 4810524 | L15: 4911551 | M15: 5018214 | N15: 5114808
A16: Local road pothole prevention | B16: Pothole prevention | C16: 111 | D16: Sealed pavement maintenance | E16: 1149594 | F16: 1230193 | G16: 1303870 | H16: 1287124 | I16: 1318226 | J16: 1348130 | K16: 1376840 | L16: 1405549 | M16: 1435455 | N16: 1464163
C17: 112 | D17: Unsealed pavement maintenance | E17: 555228 | F17: 594093 | G17: 629739 | H17: 621652 | I17: 636672 | J17: 651117 | K17: 664982 | L17: 678848 | M17: 693291 | N17: 707157
C18: 113 | D18: Routine drainage maintenance | E18: 1254754 | F18: 1342587 | G18: 1423143 | H18: 1404863 | I18: 1438811 | J18: 1471453 | K18: 1502787 | L18: 1534123 | M18: 1566763 | N18: 1598099
C19: 211 | D19: Unsealed road metalling | E19: 1087941 | F19: 1164098 | G19: 1233944 | H19: 1242110 | I19: 1271100 | J19: 1298975 | K19: 1325735 | L19: 1352495 | M19: 1380370 | N19: 1407130
C20: 212 | D20: Sealed road resurfacing | E20: 1414800 | F20: 1389135 | G20: 1313805 | H20: 1786856 | I20: 1828560 | J20: 1868660 | K20: 2204406 | L20: 2248902 | M20: 2295252 | N20: 2339748
C21: 213 | D21: Drainage renewals | E21: 532790 | F21: 570085 | G21: 604290 | H21: 601114 | I21: 615144 | J21: 628634 | K21: 641584 | L21: 654535 | M21: 668025 | N21: 680975
C22: 214 | D22: Sealed road pavement rehabilitation | E22: 3229200 | F22: 3455488 | G22: 3662808 | H22: 3598475 | I22: 3682200 | J22: 3762950 | K22: 3840470 | L22: 3917990 | M22: 3998740 | N22: 4076260
B23: Total Local road pothole prevention | E23: 9224307 | F23: 9745679 | G23: 10171599 | H23: 10542194 | I23: 10790713 | J23: 11029919 | K23: 11556804 | L23: 11792442 | M23: 12037896 | N23: 12273532
A24: Walking and cycling improvements | B24: Walking and cycling | C24: 124 | D24: Cycle path maintenance | E24: 10000 | F24: 10000 | G24: 10000 | H24: 0 | I24: 0 | J24: 0 | K24: 0 | L24: 0 | M24: 0 | N24: 0
C25: 125 | D25: Footpath maintenance | E25: 109607 | F25: 117280 | G25: 124317 | H25: 126161 | I25: 129210 | J25: 132141 | K25: 134955 | L25: 137769 | M25: 140700 | N25: 143514
C26: 224 | D26: Cycle path renewal | E26: 250 | F26: 255 | G26: 0 | H26: 0 | I26: 0 | J26: 0 | K26: 0 | L26: 0 | M26: 0 | N26: 0
C27: 225 | D27: Footpath renewal | E27: 633167 | F27: 677487 | G27: 718137 | H27: 719087 | I27: 735870 | J27: 752008 | K27: 767500 | L27: 782992 | M27: 799129 | N27: 814621
B28: Total Walking and cycling improvements | E28: 753024 | F28: 805022 | G28: 852454 | H28: 845248 | I28: 865080 | J28: 884149 | K28: 902455 | L28: 920761 | M28: 939829 | N28: 958135
A29: Local road improvements | B29: Improvements | C29: 216 | D29: Bridge and structures renewals | E29: 100000 | F29: 900000 | G29: 0 | H29: 0 | I29: 1169469 | J29: 0 | K29: 297250 | L29: 548943 | M29: 0 | N29: 0
B30: Total Local road improvements | E30: 100000 | F30: 900000 | G30: 0 | H30: 0 | I30: 1169469 | J30: 0 | K30: 297250 | L30: 548943 | M30: 0 | N30: 0
B31: Grand Total | E31: 14225902 | F31: 15864614 | G31: 15704556 | H31: 15893827 | I31: 17435270 | J31: 16626559 | K31: 17567033 | L31: 18173697 | M31: 17995939 | N31: 18346475
C32: 141 | D32: Emergency Works | E32: 6184000 | F32: 0 | G32: 0 | H32: 0 | I32: 0 | J32: 0 | K32: 0 | L32: 0 | M32: 0 | N32: 0
C33: 341 | D33: Minor Improvements | E33: 973852 | F33: 5536982 | G33: 6288449 | H33: 2031772 | I33: 6411192 | J33: 6551787 | K33: 2168561 | L33: 6821733 | M33: 6962328 | N33: 2301702
C34: 432 | D34: Community Programmes | E34: 250000 | F34: 264000 | G34: 285000 | H34: 291502 | I34: 298546 | J34: 305319 | K34: 311821 | L34: 318323 | M34: 325096 | N34: 331598
E35: 21633754 | F35: 21665596 | G35: 22278005 | H35: 18217101 | I35: 24145008 | J35: 23483665 | K35: 20047415 | L35: 25313753 | M35: 25283363 | N35: 20979775

Sheet Data sources>
A2: Data sources
A3: Funding and transport – dashboard and open data | NZ Transport Agency Waka Kotahi
A5: https://morrisonlow.sharepoint.com/sites/CompanyData/Projects/Projects%20-%20MLA/3136%20-%20SWDC%20-%20Roading%20Modelling/File%20Notes%20&%20General/Reports/Kill%20data.xlsx?web=1

Sheet Wood availability forecast 
A2: Wood availability forecast - New Zealand 2021-2060
A4: Data webpage: | B4: Data, statistics, and surveys on NZ forests | NZ Government
A5: Data source: | B5: 27118-WAF-2021-Data-Tables.xlsx
A6: Date tab: | B6: East SNI
A8: Appendix 3 - Eastern SNI Wood Availability Forecasts for the Period 2021-2060 | H8: Table 4: Eastern SNI Wood Avaliability under Scenario 4
A10: Table 1: Eastern SNI Wood Avaliability under Scenario 1 | H10: (Assumes that large-scale owners harvest at stated intentions then at non-declining yield,
A11: (Assumes that large-scale owners harvest at stated intentions and then at non-declining yield, | H11: and total wood availability is modelled at a split non-declining yield with target rotation ages of 26/30,
A12: and target harvest of age 26 (small-scale owners) and 30 (large-scale owners) years) | H12: - 2 years and + 2 years)
A14: Year Ending | B14: Large-Scale | C14: Small-Scale | D14: All | H14: Year Ending | I14: Recoverable | J14: Average | K14: Recoverable | L14: Average | M14: Recoverable | N14: Average
A15: December | B15: Owners | C15: Owners | D15: Owners | H15: December | I15: Volume Target | J15: Age | K15: Volume Target | L15: Age | M15: Volume Target | N15: Age
B16: (000 m3) | C16: (000 m3) | D16: (000 m3) | I16: Age - 2 (000 m³) | J16: (Years) | K16: Age (000 m³) | L16: (Years) | M16: Age + 2 (000 m³) | N16: (Years)
A17: 2021 | B17: 599 | C17: 728 | D17: 1 327 | H17: 2021 | I17: 1 500 | J17: 29 | K17: 1 500 | L17: 30 | M17: 1 500 | N17: 29
A18: 2022 | B18: 748 | C18: 5 252 | D18: 6 000 | H18: 2022 | I18: 1 994 | J18: 30 | K18: 1 848 | L18: 30 | M18: 1 800 | N18: 30
A19: 2023 | B19: 716 | C19: 1 750 | D19: 2 466 | H19: 2023 | I19: 1 994 | J19: 29 | K19: 1 848 | L19: 30 | M19: 1 849 | N19: 29
A20: 2024 | B20: 602 | C20: 869 | D20: 1 471 | H20: 2024 | I20: 1 994 | J20: 30 | K20: 1 848 | L20: 30 | M20: 1 849 | N20: 30
A21: 2025 | B21: 691 | C21: 378 | D21: 1068 | E21: =D21*1000 -> 1068000 | H21: 2025 | I21: 1 994 | J21: 30 | K21: 1 848 | L21: 30 | M21: 1 849 | N21: 30
A22: 2026 | B22: 595 | C22: 320 | D22: 914 | E22: =D22*1000 -> 914000 | H22: 2026 | I22: 1 994 | J22: 29 | K22: 1 848 | L22: 29 | M22: 1 849 | N22: 29
A23: 2027 | B23: 547 | C23: 387 | D23: 934 | E23: =D23*1000 -> 934000 | H23: 2027 | I23: 1 994 | J23: 29 | K23: 1 848 | L23: 30 | M23: 1 849 | N23: 30
A24: 2028 | B24: 609 | C24: 538 | D24: 1147 | E24: =D24*1000 -> 1147000 | H24: 2028 | I24: 1 994 | J24: 28 | K24: 1 848 | L24: 30 | M24: 1 849 | N24: 29
A25: 2029 | B25: 715 | C25: 308 | D25: 1023 | E25: =D25*1000 -> 1023000 | H25: 2029 | I25: 1 595 | J25: 30 | K25: 1 848 | L25: 30 | M25: 1 849 | N25: 30
A26: 2030 | B26: 618 | C26: 311 | D26: 929 | E26: =D26*1000 -> 929000 | H26: 2030 | I26: 1 276 | J26: 30 | K26: 1 478 | L26: 32 | M26: 1 479 | N26: 31
A27: 2031 | B27: 428 | C27: 340 | D27: 768 | E27: =D27*1000 -> 768000 | H27: 2031 | I27: 1 021 | J27: 28 | K27: 1 183 | L27: 31 | M27: 1 183 | N27: 30
A28: 2032 | B28: 483 | C28: 146 | D28: 628 | E28: =D28*1000 -> 628000 | H28: 2032 | I28: 817 | J28: 31 | K28: 946 | L28: 30 | M28: 947 | N28: 30
A29: 2033 | B29: 483 | C29: 87 | D29: 570 | E29: =D29*1000 -> 570000 | H29: 2033 | I29: 817 | J29: 30 | K29: 757 | L29: 31 | M29: 757 | N29: 30
A30: 2034 | B30: 483 | C30: 131 | D30: 614 | E30: =D30*1000 -> 614000 | H30: 2034 | I30: 817 | J30: 29 | K30: 757 | L30: 31 | M30: 757 | N30: 30
A31: 2035 | B31: 483 | C31: 659 | D31: 1142 | E31: =D31*1000 -> 1142000 | H31: 2035 | I31: 817 | J31: 28 | K31: 802 | L31: 30 | M31: 757 | N31: 30
A32: 2036 | B32: 483 | C32: 262 | D32: 745 | E32: =D32*1000 -> 745000 | H32: 2036 | I32: 888 | J32: 27 | K32: 802 | L32: 30 | M32: 757 | N32: 30
A33: 2037 | B33: 483 | C33: 614 | D33: 1097 | E33: =D33*1000 -> 1097000 | H33: 2037 | I33: 1 066 | J33: 26 | K33: 828 | L33: 28 | M33: 757 | N33: 30
A34: 2038 | B34: 483 | C34: 0 | D34: 483 | H34: 2038 | I34: 1 279 | J34: 26 | K34: 828 | L34: 28 | M34: 757 | N34: 30
A35: 2039 | B35: 483 | C35: 63 | D35: 546 | H35: 2039 | I35: 1 439 | J35: 25 | K35: 971 | L35: 27 | M35: 864 | N35: 30
A36: 2040 | B36: 483 | C36: 93 | D36: 576 | H36: 2040 | I36: 1 439 | J36: 25 | K36: 1 166 | L36: 27 | M36: 1 012 | N36: 29
A37: 2041 | B37: 483 | C37: 702 | D37: 1 185 | H37: 2041 | I37: 1 439 | J37: 25 | K37: 1 399 | L37: 26 | M37: 1 214 | N37: 28
A38: 2042 | B38: 483 | C38: 1 293 | D38: 1 776 | H38: 2042 | I38: 1 439 | J38: 25 | K38: 1 514 | L38: 26 | M38: 1 457 | N38: 28
A39: 2043 | B39: 483 | C39: 1 043 | D39: 1 526 | H39: 2043 | I39: 1 439 | J39: 25 | K39: 1 514 | L39: 26 | M39: 1 470 | N39: 28
A40: 2044 | B40: 513 | C40: 1 047 | D40: 1 559 | H40: 2044 | I40: 1 439 | J40: 25 | K40: 1 514 | L40: 26 | M40: 1 470 | N40: 29
A41: 2045 | B41: 513 | C41: 3 070 | D41: 3 583 | H41: 2045 | I41: 1 439 | J41: 25 | K41: 1 514 | L41: 27 | M41: 1 470 | N41: 29
A42: 2046 | B42: 513 | C42: 786 | D42: 1 299 | H42: 2046 | I42: 1 439 | J42: 25 | K42: 1 514 | L42: 27 | M42: 1 470 | N42: 28
A43: 2047 | B43: 513 | C43: 414 | D43: 926 | H43: 2047 | I43: 1 439 | J43: 25 | K43: 1 514 | L43: 27 | M43: 1 470 | N43: 28
A44: 2048 | B44: 513 | C44: 716 | D44: 1 229 | H44: 2048 | I44: 1 439 | J44: 25 | K44: 1 514 | L44: 27 | M44: 1 470 | N44: 29
A45: 2049 | B45: 513 | C45: 5 370 | D45: 5 882 | H45: 2049 | I45: 1 439 | J45: 25 | K45: 1 514 | L45: 27 | M45: 1 470 | N45: 29
A46: 2050 | B46: 513 | C46: 2 304 | D46: 2 817 | H46: 2050 | I46: 1 439 | J46: 25 | K46: 1 514 | L46: 27 | M46: 1 470 | N46: 29
A47: 2051 | B47: 513 | C47: 1 244 | D47: 1 757 | H47: 2051 | I47: 1 439 | J47: 25 | K47: 1 514 | L47: 27 | M47: 1 470 | N47: 29
A48: 2052 | B48: 513 | C48: 432 | D48: 945 | H48: 2052 | I48: 1 439 | J48: 25 | K48: 1 514 | L48: 27 | M48: 1 470 | N48: 29
A49: 2053 | B49: 513 | C49: 519 | D49: 1 031 | H49: 2053 | I49: 1 439 | J49: 25 | K49: 1 514 | L49: 27 | M49: 1 470 | N49: 29
A50: 2054 | B50: 513 | C50: 738 | D50: 1 251 | H50: 2054 | I50: 1 439 | J50: 25 | K50: 1 514 | L50: 27 | M50: 1 470 | N50: 29
A51: 2055 | B51: 513 | C51: 869 | D51: 1 381 | H51: 2055 | I51: 1 439 | J51: 25 | K51: 1 514 | L51: 27 | M51: 1 470 | N51: 29
A52: 2056 | B52: 513 | C52: 515 | D52: 1 028 | H52: 2056 | I52: 1 439 | J52: 25 | K52: 1 514 | L52: 28 | M52: 1 470 | N52: 29
A53: 2057 | B53: 513 | C53: 716 | D53: 1 229 | H53: 2057 | I53: 1 439 | J53: 25 | K53: 1 514 | L53: 28 | M53: 1 470 | N53: 29
A54: 2058 | B54: 513 | C54: 386 | D54: 899 | H54: 2058 | I54: 1 439 | J54: 25 | K54: 1 514 | L54: 28 | M54: 1 470 | N54: 29
A55: 2059 | B55: 513 | C55: 205 | D55: 717 | H55: 2059 | I55: 1 439 | J55: 25 | K55: 1 514 | L55: 28 | M55: 1 470 | N55: 29
A56: 2060 | B56: 513 | C56: 110 | D56: 623 | H56: 2060 | I56: 1 439 | J56: 25 | K56: 1 514 | L56: 29 | M56: 1 470 | N56: 29
A58: Notes: | B58: m³ = cubic metres inside bark | H58: Notes: | I58: m³ = cubic metres inside bark
A67: Table 2: Eastern SNI Wood Avaliability under Scenario 2 | H67: Table 5: Eastern SNI Wood Avaliability for Douglas-fir
A68: (Assumes that large-scale owners harvest at stated intentions and then at non-declining yield, and | H68: (Assumes that large-scale owners harvest at stated intentions with yield regulated
A69: total wood availability is modelled at a non-declining yield) | H69: and a target rotation age of 40 years)
A71: Year Ending | B71: Large-Scale | C71: Small-Scale | D71: All | H71: Year Ending | I71: Large-Scale | J71: Small-Scale | K71: All | L71: Average
A72: December | B72: Owners | C72: Owners | D72: Owners | H72: December | I72: Owners | J72: Owners | K72: Owners | L72: Age
B73: (000 m3) | C73: (000 m3) | D73: (000 m3) | I73: (000 m3) | J73: (000 m3) | K73: (000 m3) | L73: (Years)
A74: 2021 | B74: 599 | C74: 823 | D74: 1 422 | H74: 2021 | I74: 30 | J74: 0 | K74: 30 | L74: 53
A75: 2022 | B75: 748 | C75: 674 | D75: 1 422 | H75: 2022 | I75: 30 | J75: 0 | K75: 30 | L75: 54
A76: 2023 | B76: 716 | C76: 706 | D76: 1 422 | H76: 2023 | I76: 9 | J76: 14 | K76: 23 | L76: 52
A77: 2024 | B77: 602 | C77: 820 | D77: 1 422 | H77: 2024 | I77: 0 | J77: 0 | K77: 0 | L77: 0
A78: 2025 | B78: 691 | C78: 731 | D78: 1 422 | H78: 2025 | I78: 0 | J78: 0 | K78: 0 | L78: 0
A79: 2026 | B79: 595 | C79: 828 | D79: 1 422 | H79: 2026 | I79: 0 | J79: 0 | K79: 0 | L79: 0
A80: 2027 | B80: 547 | C80: 875 | D80: 1 422 | H80: 2027 | I80: 0 | J80: 0 | K80: 0 | L80: 0
A81: 2028 | B81: 609 | C81: 813 | D81: 1 422 | H81: 2028 | I81: 0 | J81: 0 | K81: 0 | L81: 0
A82: 2029 | B82: 715 | C82: 707 | D82: 1 422 | H82: 2029 | I82: 0 | J82: 1 | K82: 1 | L82: 36
A83: 2030 | B83: 618 | C83: 804 | D83: 1 422 | H83: 2030 | I83: 0 | J83: 0 | K83: 0 | L83: 0
A84: 2031 | B84: 428 | C84: 994 | D84: 1 422 | H84: 2031 | I84: 0 | J84: 0 | K84: 0 | L84: 0
A85: 2032 | B85: 496 | C85: 926 | D85: 1 422 | H85: 2032 | I85: 0 | J85: 0 | K85: 0 | L85: 0
... A113: 2060 | B113: 514 | C113: 948 | D113: 1 462 | H113: 2060 | I113: 0 | J113: 0 | K113: 0 | L113: 0
A115: Notes: | B115: m³ = cubic metres inside bark | H115: Notes: | I115: m³ = cubic metres inside bark
A126: Table 3: Eastern SNI Wood Avaliability under Scenario 3
A127: (Assumes that large-scale owners harvest at stated intentions then at non-declining yield, and total
A129: wood availability is modelled at a split non-declining yield)
A131: Year Ending | B131: Large-Scale | C131: Small-Scale | D131: All | E131: Pruned | F131: Unpruned | G131: Pulp Logs
A132: December | B132: Owners | C132: Owners | D132: Owners
B133: (000 m3) | C133: (000 m3) | D133: (000 m3) | E133: (000 m3) | F133: (000 m3) | G133: (000 m3)
A134: 2021 | B134: 599 | C134: 901 | D134: 1 500 | E134: 291 | F134: 1 007 | G134: 202
A135: 2022 | B135: 748 | C135: 1 100 | D135: 1 848 | E135: 414 | F135: 1 201 | G135: 234
A136: 2023 | B136: 716 | C136: 1 132 | D136: 1 848 | E136: 527 | F136: 1 112 | G136: 208
A137: 2024 | B137: 602 | C137: 1 246 | D137: 1 848 | E137: 481 | F137: 1 144 | G137: 223
A138: 2025 | B138: 691 | C138: 1 157 | D138: 1 848 | E138: 345 | F138: 1 249 | G138: 254
A139: 2026 | B139: 595 | C139: 1 254 | D139: 1 848 | E139: 584 | F139: 1 066 | G139: 198
A140: 2027 | B140: 547 | C140: 1 301 | D140: 1 848 | E140: 312 | F140: 1 282 | G140: 254
A141: 2028 | B141: 609 | C141: 1 239 | D141: 1 848 | E141: 405 | F141: 1 206 | G141: 236
A142: 2029 | B142: 715 | C142: 1 133 | D142: 1 848 | E142: 377 | F142: 1 228 | G142: 243
A143: 2030 | B143: 618 | C143: 861 | D143: 1 478 | E143: 236 | F143: 1 041 | G143: 202
A144: 2031 | B144: 428 | C144: 755 | D144: 1 183 | E144: 189 | F144: 832 | G144: 162
A145: 2032 | B145: 484 | C145: 462 | D145: 946 | E145: 194 | F145: 628 | G145: 124
A146: 2033 | B146: 484 | C146: 273 | D146: 757 | E146: 117 | F146: 533 | G146: 107
A147: 2034 | B147: 484 | C147: 273 | D147: 757 | E147: 211 | F147: 457 | G147: 89
A148: 2035 | B148: 484 | C148: 318 | D148: 802 | E148: 245 | F148: 466 | G148: 91
A149: 2036 | B149: 484 | C149: 318 | D149: 802 | E149: 197 | F149: 504 | G149: 101
A150: 2037 | B150: 484 | C150: 344 | D150: 828 | E150: 141 | F150: 565 | G150: 122
A151: 2038 | B151: 484 | C151: 344 | D151: 828 | E151: 231 | F151: 500 | G151: 98
A152: 2039 | B152: 484 | C152: 487 | D152: 971 | E152: 191 | F152: 640 | G152: 140
A153: 2040 | B153: 484 | C153: 682 | D153: 1 166 | E153: 228 | F153: 765 | G153: 172
A154: 2041 | B154: 484 | C154: 915 | D154: 1 399 | E154: 141 | F154: 1 019 | G154: 239
A155: 2042 | B155: 484 | C155: 1 030 | D155: 1 514 | E155: 297 | F155: 996 | G155: 220
...

Sheet NEFD
A2: National Exotic Forest Description as at 1st April 2025
A4: Data webpage: | B4: 70949-NEFD-report-web-08-12-25.pdf
A5: Data source: | B5: National Exotic Forest Description as at 1st April 2025
A6: Data table: | B6: Table10:Areaplantedinallspeciesbyterritorialauthority,asat1April2025
A7: Dated: | B7: 1st April 2025
B83: 16-20 | C83: 21-25 | D83: 26-30 | E83: 31-35 | F83: 36-40 | G83: 41-50 | H83: 51-60 | I83: 61+
A84: South Wairarapa District Council | B84: 149 | C84: 1523 | D84: 2466 | E84: 1074 | F84: 331 | G84: 419 | H84: 72 | I84: 7
A85: Carterton District Council | B85: 0 | C85: 1278 | D85: 3486 | E85: 963 | F85: 125 | G85: 264 | H85: 0 | I85: 3
A86: Masterton District Council | B86: 2398 | C86: 4782 | D86: 7973 | E86: 6029 | F86: 1132 | G86: 884 | H86: 287 | I86: 128

Sheet New Zealand Dairy Stat 24-25
A2: New Zealand Dairy Statistics 2024-25, DairyNZ
A4: Data webpage: | B4: nz-dairy-statistics-24-25.pdf
A5: Data source: | B5: New Zealand Dairy Statistics 2024-25, DairyNZ
A6: Data table: | B6: Table 3.2: Herd production analysis by region in 2024/25
A7: Dated: | B7: 2024-2025

Sheet Agricultural production stats25
A2: New Zealand Dairy Statistics 2024-25, DairyNZ
A4: Data webpage: | B4: agricultural-production-statistics-year-to-june-2025.xlsx
A5: Data source: | B5: Agricultural production statistics: Year to June 2025
A6: Data table: | B6: Multiple
A7: Dated: | B7: 45809
A10: Table 1
A11: Selected livestock numbers(1)(2)(3)(4)
A12: By region
A14: Region | C14: At 30 June
C15: Total sheep | F15: Total dairy cattle | I15: Total beef cattle | L15: Total deer
C16: 2024 | D16: 2025 | E16: % change | F16: 2024 | G16: 2025 | H16: % change | I16: 2024 | J16: 2025 | K16: % change | L16: 2024 | M16: 2025 | N16: % change
C17: 0 | F17: 0 | I17: 0 | L17: 0
A19: Northland | C19: 182 | D19: 174 | E19: -4.2 | F19: 292 | G19: 275 | H19: -5.8 | I19: 322 | J19: 320 | K19: -0.7 | L19: 2 | M19: 3 | N19: 9.4
A20: Auckland | C20: S | D20: S | E20: S | F20: 74 | G20: S | H20: S | I20: 102 | J20: 118 | K20: 16 | L20: 9 | M20: 7 | N20: -19.4
A21: Waikato | C21: 1231 | D21: 1313 | E21: 6.7 | F21: 1566 | G21: 1554 | H21: -0.8 | I21: 517 | J21: 558 | K21: 8 | L21: 30 | M21: 42 | N21: 39.5
A22: Bay of Plenty | C22: 232 | D22: 219 | E22: -6 | F22: 298 | G22: 291 | H22: -2.4 | I22: 102 | J22: 106 | K22: 3.8 | L22: 20 | M22: 14 | N22: -29.8
A23: Gisborne | C23: 1233 | D23: 1175 | E23: -4.7 | F23: S | G23: 4 | H23: S | I23: 217 | J23: 227 | K23: 4.8 | L23: 8 | M23: 14 | N23: 78.2
A24: Hawke's Bay | C24: 2657 | D24: 2457 | E24: -7.5 | F24: S | G24: 64 | H24: S | I24: 424 | J24: 454 | K24: 7.1 | L24: 59 | M24: 50 | N24: -16.1
A25: Taranaki | C25: 435 | D25: 428 | E25: -1.7 | F25: 504 | G25: 481 | H25: -4.6 | I25: 134 | J25: 118 | K25: -11.9 | L25: S | M25: 2 | N25: S
A26: Manawatū-Whanganui | C26: 4363 | D26: 4309 | E26: -1.2 | F26: 410 | G26: 436 | H26: 6.3 | I26: 521 | J26: 577 | K26: 10.8 | L26: 45 | M26: S | N26: S
A27: Wellington | C27: 1091 | D27: 1165 | E27: 6.8 | F27: 83 | G27: S | H27: S | I27: 137 | J27: 144 | K27: 5.3 | L27: 6 | M27: 5 | N27: -23.9
A28: Total North Island | C28: 11645 | D28: 11488 | E28: -1.3 | F28: 3316 | G28: 3264 | H28: -1.6 | I28: 2475 | J28: 2623 | K28: 6 | L28: 182 | M28: 190 | N28: 4.5
A29: Tasman | C29: 188 | D29: 194 | E29: 3.1 | F29: 60 | G29: 68 | H29: 13.5 | I29: 32 | J29: 37 | K29: 15 | L29: 12 | M29: 12 | N29: -1.6
A30: Nelson | C30: 2 | D30: S | E30: S | F30: 2 | G30: S | H30: S | I30: 1 | J30: S | K30: S | L30: - | M30: - | N30: -
A31: Marlborough | C31: 374 | D31: 374 | E31: 0 | F31: 16 | G31: 15 | H31: -6.6 | I31: 45 | J31: 47 | K31: 4.7 | L31: 4 | M31: 1 | N31: -67.5
A32: West Coast | C32: 29 | D32: 53 | E32: 84.1 | F32: 162 | G32: 140 | H32: -13.1 | I32: 28 | J32: 29 | K32: 5.2 | L32: 11 | M32: S | N32: S
A33: Canterbury | C33: 4190 | D33: 4193 | E33: 0.1 | F33: 1256 | G33: 1337 | H33: 6.5 | I33: 569 | J33: 566 | K33: -0.6 | L33: 236 | M33: 248 | N33: 5.1
A34: Otago | C34: 4060 | D34: 3850 | E34: -5.2 | F34: 308 | G34: 284 | H34: -7.8 | I34: 333 | J34: 316 | K34: -5.3 | L34: 114 | M34: 98 | N34: -13.9
A35: Southland | C35: 3034 | D35: 3044 | E35: 0.3 | F35: 718 | G35: 637 | H35: -11.2 | I35: 187 | J35: 207 | K35: 10.6 | L35: 149 | M35: 144 | N35: -3.7
A36: Chatham Islands | C36: 61 | D36: 48 | E36: -21.4 | F36: - | G36: - | H36: - | I36: 9 | J36: 7 | K36: -24 | L36: - | M36: - | N36: -
A37: Total South Island | C37: 11938 | D37: 11765 | E37: -1.5 | F37: 2521 | G37: 2486 | H37: -1.4 | I37: 1204 | J37: 1210 | K37: 0.5 | L37: 527 | M37: 522 | N37: -0.9
A38: Total New Zealand | C38: 23583 | D38: 23252 | E38: -1.4 | F38: 5837 | G38: 5750 | H38: -1.5 | I38: 3679 | J38: 3833 | K38: 4.2 | L38: 709 | M38: 712 | N38: 0.5
A40: 1 | B40: 2024 and 2025 were agricultural production survey years.
A41: 2 | B41: Figures may not add to the totals due to rounding.
A42: 3 | B42: Percentage changes are calculated on unrounded numbers.
A43: 4 | B43: Nelson region statistics for 2025 are suppressed because the sampling error could not be calculated for this region. See the technical notes for more information.
A46: Symbols:
A47: S | B47: suppressed
A48: - | B48: nil or zero
A50: Source: Stats NZ

Sheet VKT 
D2: 2010/11 | E2: 2011/12 | F2: 2012/13 | G2: 2013/14 | H2: 2014/15 | I2: 2015/16 | J2: 2016/17 | K2: 2017/18 | L2: 2018/19 | M2: 2019/20 | N2: 2020/21 | O2: 2021/22 | P2: 2022/23 | Q2: 2023/24 | R2: 2024/25 | S2: Average
A3: Heavy (MCV, HCV1, HCV2, Bus) | B3: Urban | C3: South Wairarapa District | D3: 0.073137437 | E3: 0.07072355 | F3: 0.071576227 | G3: 0.085379568 | H3: 0.077876823 | I3: 0.082131355 | J3: 0.073206539 | K3: 0.083689741 | L3: 0.083641 | M3: 0.084197041 | N3: 0.08292608 | O3: 0.12037469 | P3: 0.121123 | Q3: 0.11790563 | R3: 0.074351793 | S3: 0.086816032 | U3: Average
A4: Light (Car, LCV) | B4: Urban | C4: South Wairarapa District | D4: 0.92686256 | E4: 0.92927645 | F4: 0.92842377 | G4: 0.91462043 | H4: 0.92212318 | I4: 0.91786865 | J4: 0.92679346 | K4: 0.91631026 | L4: 0.916359 | M4: 0.91580296 | N4: 0.91707392 | O4: 0.87962531 | P4: 0.878877 | Q4: 0.88209437 | R4: 0.92564821 | S4: 0.91318397 | U4: =AVERAGE(S3,S5) -> 0.076137867
A5: Heavy (MCV, HCV1, HCV2, Bus) | B5: Rural | C5: South Wairarapa District | D5: 0.069306957 | E5: 0.068166403 | F5: 0.06322398 | G5: 0.076893898 | H5: 0.073600039 | I5: 0.075642363 | J5: 0.063781459 | K5: 0.060785552 | L5: 0.061244213 | M5: 0.06225401 | N5: 0.061469963 | O5: 0.062072386 | P5: 0.062173022 | Q5: 0.058361501 | R5: 0.0629198 | S5: 0.065459703 | U5: =AVERAGE(S4,S6) -> 0.92386213
A6: Light (Car, LCV) | B6: Rural | C6: South Wairarapa District | D6: 0.93069304 | E6: 0.9318336 | F6: 0.93677602 | G6: 0.9231061 | H6: 0.92639996 | I6: 0.92435764 | J6: 0.93621854 | K6: 0.93921445 | L6: 0.93875579 | M6: 0.93774599 | N6: 0.93853004 | O6: 0.93792761 | P6: 0.93782698 | Q6: 0.9416385 | R6: 0.9370802 | S6: 0.9345403

Sheet SHLR breakdown
A1: Authority type | B1: Authority Name | C1: SHLR | D1: Vehicle_Class | E1: 2010/11 | F1: 2011/12 | G1: 2012/13 | H1: 2013/14 | I1: 2014/15 | J1: 2015/16 | K1: 2016/17 | L1: 2017/18 | M1: 2018/19 | N1: 2019/20 | O1: 2020/21 | P1: 2021/22 | Q1: 2022/23 | R1: 2023/24 | S1: 2024/25
A2: Territorial | B2: Carterton District | C2: Local Roads | D2: Heavy/Light Not Known | E2: 34969000 | F2: 34574000 | G2: 35008000 | H2: 33085000 | I2: 44730000 | J2: 44712000 | K2: 44381000 | L2: 44945000 | M2: 45274000 | N2: 45981000 | O2: 49185000 | P2: 48692000 | Q2: 51685000 | R2: 54952000 | S2: 59085000
A3: Territorial | B3: Carterton District | C3: State Highways | D3: Heavy (MCV, HCV1, HCV2, Bus) | E3: 3609219 | F3: 3369304 | G3: 3688215 | H3: 3770012 | I3: 4620655 | J3: 4582159 | K3: 3911322 | L3: 4685158 | M3: 4670324 | N3: 4529971 | O3: 4193483 | P3: 4873846 | Q3: 4709504 | R3: 4121699 | S3: 4521005
A4: Territorial | B4: Carterton District | C4: State Highways | D4: Light (Car, LCV) | E4: 54231608 | F4: 55704600 | G4: 55333808 | H4: 55292178 | I4: 55173715 | J4: 57076058 | K4: 59224760 | L4: 61384880 | M4: 64711996 | N4: 66571134 | O4: 60708242 | P4: 67459478 | Q4: 65253535 | R4: 55328227 | S4: 55050318
A5: Territorial | B5: Masterton District | C5: Local Roads | D5: Heavy/Light Not Known | E5: 121297000 | F5: 121297000 | G5: 113816000 | H5: 113815000 | I5: 114295000 | J5: 114324000 | K5: 114268000 | L5: 114480000 | M5: 104723000 | N5: 131034000 | O5: 137062000 | P5: 153478000 | Q5: 173837000 | R5: 173840792 | S5: 179503000
A6: Territorial | B6: Masterton District | C6: State Highways | D6: Heavy (MCV, HCV1, HCV2, Bus) | E6: 3672586 | F6: 3505844 | G6: 4362221 | H6: 4317003 | I6: 4986643 | J6: 5089364 | K6: 5508055 | L6: 5581821 | M6: 5763805 | N6: 5819124 | O6: 5606173 | P6: 6941654 | Q6: 6857453 | R6: 6309327 | S6: 5832970
A7: Territorial | B7: Masterton District | C7: State Highways | D7: Light (Car, LCV) | E7: 54276203 | F7: 54978704 | G7: 53956731 | H7: 53669005 | I7: 53957504 | J7: 55077654 | K7: 57335691 | L7: 59356361 | M7: 62896044 | N7: 64592499 | O7: 60065655 | P7: 62238401 | Q7: 62830759 | R7: 59113378 | S7: 55184376
A8: Territorial | B8: South Wairarapa District | C8: Local Roads | D8: Heavy/Light Not Known | E8: 41285000 | F8: 39240000 | G8: 38933000 | H8: 38451000 | I8: 38409000 | J8: 38459000 | K8: 38455000 | L8: 38394000 | M8: 38173000 | N8: 38661000 | O8: 38587000 | P8: 63958000 | Q8: 63957000 | R8: 63484000 | S8: 69094213
A9: Territorial | B9: South Wairarapa District | C9: State Highways | D9: Heavy (MCV, HCV1, HCV2, Bus) | E9: 5201838 | F9: 5347866 | G9: 4916046 | H9: 6072780 | I9: 5829424 | J9: 6261892 | K9: 5579131 | L9: 5788520 | M9: 6198319 | N9: 6374585 | O9: 6038045 | P9: 7266155 | Q9: 6969806 | R9: 6630374 | S9: 6220927
A10: Territorial | B10: South Wairarapa District | C10: State Highways | D10: Light (Car, LCV) | E10: 68892721 | F10: 72458917 | G10: 70593997 | H10: 71018284 | I10: 72372202 | J10: 74981684 | K10: 79107391 | L10: 82279892 | M10: 87426833 | N10: 88683950 | O10: 85421914 | P10: 89726962 | Q10: 85733935 | R10: 86253001 | S10: 88920102
K13: South Wairarapa District | L13: Heavy (MCV, HCV1, HCV2, Bus) | M13: =S9 -> 6220927
K14: South Wairarapa District | L14: Light (Car, LCV) | M14: =S10 -> 88920102
K15: South Wairarapa District | L15: Total | M15: =SUM(M13:M14) -> 95141029
K16: South Wairarapa District | L16: Split Heavy (MCV, HCV1, HCV2, Bus) | M16: =M13/M15 -> 0.065386375
K17: South Wairarapa District | L17: Spilt Light (Car, LCV) | M17: =M14/M15 -> 0.93461363

Sheet Axle Loading
A1: Axle Loading
A2: Damage Factor Comparison (Per Tonne of Freight)
A3: Sector | B3: ESA/Round Trip | C3: Payload (t) | D3: ESA per Tonne | E3: Damage Index (Forestry=1.0)
A4: Forestry (50MAX) | B4: 5.5 | C4: 30 | D4: 0.18333333 | E4: 1
A5: Dairy (Milk Tankers) | B5: 5.5 | C5: 32 | D5: 0.171875 | E5: 0.9375
A6: Dairy (Bobby Calves) | B6: 3.5 | C6: 17 | D6: 0.20588235 | E6: 1.1229947
A7: General Farming (Beef) | B7: 4.5 | C7: 22 | D7: 0.20454545 | E7: 1.1157025
A8: Horticulture | B8: 3.5 | C8: 25 | D8: 0.14 | E8: 0.76363636
